 Dungeon Crawl Stone Soup version 0.31-a0-489-g282fc92437 (webtiles) character file.

Game seed: 388665446816428766

1628885 EnegeticOcto the Slayer (level 27, 228/228 HPs)
             Began as a Gnoll Shapeshifter on Aug 8, 2023.
             Was the Champion of Cheibriados.
             Escaped with the Orb
             ... and 3 runes!
             The game lasted 02:08:22 (71648 turns).

EnegeticOcto the Slayer (Gnoll Shapeshifter)       Turns: 71648, Time: 02:08:23

Health: 228/228    AC: 32    Str: 31    XL:     27
Magic:  45/45      EV: 32    Int: 38    God:    Cheibriados [******]
Gold:   2980       SH: 23    Dex: 31    Spells: 10/62 levels left

rFire   + + .        D - staff of air
rCold   + . .        c - +5 Storm Queen's Shield {shock, Fly rElec}
rNeg    + . .        Q - +7 swamp dragon scales
rPois   +            q - +0 helmet "Daman" {rF+ rN+ Will+ Stlth+}
rElec   +            h - +2 cloak {rCorr}
rCorr   +            U - +1 pair of gloves "Iblasm" {+Blink rElec Will+ Stlth-}
SInv    .            L - +2 pair of boots {Stlth+}
Will    ++++.        S - amulet of Toemon {RegenMP Regen+ Int+6}
Stlth   +++          m - ring of protection from cold
HPRegen 1.38/turn    G - ring of protection from fire
MPRegen 0.69/turn

%: no passive effects
@: flying, studying 2 skills, very slow
A: fangs 1, strong nose, distributed training, poison resistance, MP-powered
wands
0: Orb of Zot
}: 3/15 runes: decaying, serpentine, silver
a: Renounce Religion, Evoke Blink, Bend Time, Temporal Distortion, Slouch, Step
From Time


You escaped.
You worshipped Cheibriados.
Cheibriados was exalted by your worship.
You visited 10 branches of the dungeon, and saw 48 of its levels.
You visited 1 bazaar.
You also visited: Gauntlet and Ice Cave.

You collected 7066 gold pieces.
You spent 4086 gold pieces at shops.

Inventory:

Missiles
 j - 36 boomerangs (quivered)
 o - 9 curare-tipped darts
 I - 8 silver javelins
 J - 11 javelins
 K - a throwing net {!f}
Armour
 c - the +5 Storm Queen's Shield (worn) {shock, Fly rElec}
   (You bought it in a shop on level 3 of the Snake Pit)

   Shock:     When it blocks an attack, it may electrocute the attacker.
   This works even against foes who are a short distance away.
   rElec:     It insulates you from electricity.
   Fly:       It grants you flight.
 h - a +2 cloak of preservation (worn)
   (You found it in a Gauntlet)
 q - the +0 helmet "Daman" (worn) {rF+ rN+ Will+ Stlth+}
   (You found it on level 7 of the Dungeon)

   rF:        It protects you from fire.
   rN:        It protects you from negative energy.
   Will:      It increases your willpower.
   Stlth:     It makes you more stealthy.
 L - a +2 pair of boots of stealth (worn)
   (You found it in a Gauntlet)
 Q - +7 swamp dragon scales (worn)
   (You found it on level 2 of the Swamp)
 U - the +1 pair of gloves "Iblasm" (worn) {+Blink rElec Will+ Stlth-}
   (You bought it in a shop on level 3 of the Snake Pit)

   rElec:     It insulates you from electricity.
   +Blink:    It lets you blink.
   Will:      It increases your willpower.
   Stlth:     It makes you less stealthy.
Magical Staves
 A - the staff "Teseesi" {rElec rC+ rN+ Str-3 Necro Earth}
   (You found it on level 15 of the Dungeon)

   [staff of death]

   Base accuracy: +5 Base damage: 5 Base attack delay: 1.2 This weapon's minimum
   attack delay (0.6) is reached at skill level 12.
   Str:       It affects your strength (-3).
   rC:        It protects you from cold.
   rElec:     It insulates you from electricity.
   rN:        It protects you from negative energy.
   Necro:     It increases the power of your Necromancy spells.
   Earth:     It increases the power of your Earth spells.
   It falls into the 'Staves' category.
   It is a one-handed weapon.
 D - a staff of air (weapon)
   (You found it on level 4 of the Dungeon)
Jewellery
 m - a ring of protection from cold (left hand)
   (You bought it in a shop in a bazaar)
 y - a ring of resist corrosion
   (You found it on level 3 of the Dungeon)
 F - a ring of magical power
   (You found it on level 15 of the Dungeon)
 G - a ring of protection from fire (right hand)
   (You bought it in a shop in a bazaar)
 S - the amulet of Toemon (around neck) {RegenMP Regen+ Int+6}
   (You took it off a deep elf death mage on level 5 of the Vaults)

   [amulet of magic regeneration]

   It increases your rate of magic regeneration.
   Int:       It affects your intelligence (+6).
   Regen:     It increases your rate of health regeneration.
Wands
 f - a wand of polymorph (38)
   (You found it on level 8 of the Dungeon)
 w - a wand of iceblast (26) {@v2}
   (You took it off an orc on level 3 of the Dungeon)
 C - a wand of light (34) {@v1}
   (You took it off Ijyb on level 3 of the Dungeon)
 N - a wand of paralysis (75)
   (You found it on level 6 of the Dungeon)
 Y - a wand of mindburst (19)
   (You took it off an orc wizard on level 13 of the Dungeon)
 Z - a wand of digging (36) {@v3}
   (You found it on level 10 of the Dungeon)
Scrolls
 a - 3 scrolls of revelation {@r5 !r}
 b - 9 scrolls of fear {!r}
 n - 11 scrolls of immolation
 r - 22 scrolls of teleportation {@r3 !r}
 x - 13 scrolls of fog {!r}
 B - 4 scrolls of blinking {@r4}
 E - 8 scrolls of vulnerability
 O - 5 scrolls of poison
 T - 2 scrolls of butterflies
Potions
 d - 10 potions of cancellation
 g - 9 potions of enlightenment
 k - 22 potions of curing {@q1 !q}
 l - a potion of might {@q3 !q}
 p - 5 potions of magic
 s - 2 potions of ambrosia
 t - 11 potions of lignification {@q6}
 v - 13 potions of heal wounds {@q2 !q}
 z - 5 potions of invisibility
 M - 5 potions of mutation
 R - 9 potions of brilliance
 V - 4 potions of resistance
 X - 8 potions of attraction
Miscellaneous
 e - a phial of floods
   (You found it in a Gauntlet)
 i - a lightning rod (4/4)
   (You found it in a Gauntlet)
 u - a phantom mirror
   (You found it on level 3 of the Lair of Beasts)
 H - a box of beasts
   (You bought it in a shop on level 3 of the Dungeon)
 W - a tin of tremorstones (2/2)
   (You found it on level 3 of the Lair of Beasts)


   Skills:
 + Level 21.3 Fighting
 + Level 18.1 Short Blades
 + Level 18.1 Long Blades
 + Level 18.1 Axes
 + Level 18.1 Maces & Flails
 + Level 18.1 Polearms
 + Level 18.1 Staves
 + Level 18.1 Ranged Weapons
 + Level 18.1 Throwing
 + Level 18.1 Armour
 + Level 18.6 Dodging
 + Level 18.1 Stealth
 + Level 18.1 Shields
 + Level 21.2 Unarmed Combat
 + Level 18.1 Spellcasting
 + Level 15.5 Conjurations
 + Level 15.5 Hexes
 + Level 15.5 Summonings
 + Level 15.5 Necromancy
 + Level 15.5 Translocations
 + Level 15.5 Transmutations
 + Level 15.5 Fire Magic
 + Level 15.5 Ice Magic
 + Level 15.5 Air Magic
 + Level 15.5 Earth Magic
 + Level 15.5 Poison Magic
 + Level 19.6 Invocations
 + Level 18.1 Evocations
 + Level 16.6 Shapeshifting


You had 10 spell levels left.
You knew the following spells:

 Your Spells              Type           Power      Damage    Failure   Level
a - Leda's Unmaking       Conj/Erth      50%        9d8       1%          6
b - Arcjolt               Conj/Air       61%        1d71      1%          5
c - Plasma Beam           Fire/Air       61%        2x1d77    1%          6
d - Spellforged Servitor  Conj/Summ      50%        N/A       1%          7
e - Maxwell's Capacitive  Air            61%        ∞         16%         8
f - Apportation           Tloc           100%       N/A       0%          1
g - Yara's Violent Unrav  Hex/Tmut       50%        3d19      1%          5
h - Tukima's Dance        Hex            100%       N/A       0%          3
i - Sublimation of Blood  Necr           100%       N/A       0%          2
p - Passwall              Tmut/Erth      83%        N/A       0%          2
z - Irradiate             Conj/Tmut      50%        3d28      1%          5
Y - Blink                 Tloc           100%       N/A       0%          2

Your spell library contained the following spells:

 Spells                   Type           Power      Damage    Failure   Level
 Foxfire                  Conj/Fire      100%       2x1d9     0%          1
 Freeze                   Ice            100%       1d10      0%          1
 Magic Dart               Conj           100%       1d8       0%          1
 Necrotise                Necr           100%       1d9       0%          1
 Sandblast                Erth           100%       2d20      0%          1
 Slow                     Hex            100%       N/A       0%          1
 Summon Small Mammal      Summ           100%       N/A       0%          1
 Call Imp                 Summ           100%       N/A       0%          2
 Ensorcelled Hibernation  Hex/Ice        100%       N/A       0%          2
 Lesser Beckoning         Tloc           100%       N/A       0%          2
 Momentum Strike          Conj/Tloc      100%       3d10      0%          2
 Poisonous Vapours        Pois/Air       100%       N/A       0%          2
 Searing Ray              Conj           100%       2d8       0%          2
 Wereblood                Tmut           100%       N/A       0%          2
 Confusing Touch          Hex            100%       N/A       0%          3
 Dazzling Flash           Conj/Hex       100%       N/A       0%          3
 Frozen Ramparts          Ice            100%       1d16      0%          3
 Gell's Gravitas          Tloc           100%       N/A       0%          3
 Hailstorm                Conj/Ice       100%       3d20      0%          3
 Ignite Poison            Fire/Tmut/Pois 100%       N/A       0%          3
 Inner Flame              Hex/Fire       100%       N/A       0%          3
 Mephitic Cloud           Conj/Pois/Air  100%       N/A       0%          3
 Ozocubu's Armour         Ice            100%       N/A       0%          3
 Portal Projectile        Hex/Tloc       100%       N/A       0%          3
 Stone Arrow              Conj/Erth      100%       3d13      0%          3
 Swiftness                Air            100%       N/A       0%          3
 Teleport Other           Tloc           100%       N/A       0%          3
 Vampiric Draining        Necr           100%       2d13      0%          3
 Vhi's Electric Charge    Tloc/Air       100%       N/A       0%          3
 Volatile Blastmotes      Fire/Tloc      100%       2d18      0%          3
 Anguish                  Hex/Necr       50%        N/A       1%          4
 Animate Armour           Summ/Erth      100%       N/A       1%          4
 Animate Dead             Necr           100%       N/A       1%          4
 Cause Fear               Hex            50%        N/A       1%          4
 Fulminant Prism          Conj/Hex       50%        3d22      1%          4
 Iskenderun's Mystic Bla  Conj/Tloc      100%       2d19      1%          4
 Manifold Assault         Tloc           100%       N/A       1%          4
 Passage of Golubria      Tloc           100%       N/A       1%          4
 Petrify                  Tmut/Erth      100%       N/A       1%          4
 Sticky Flame             Conj/Fire      100%       2d11      1%          4
 Agony                    Necr           100%       N/A       1%          5
 Alistair's Intoxication  Tmut/Pois      66%        N/A       1%          5
 Fireball                 Conj/Fire      50%        3d20      1%          5
 Freezing Cloud           Conj/Ice/Air   61%        6-21      1%          5
 Iskenderun's Battlesphe  Conj           100%       2d15      1%          5
 Silence                  Hex/Air        61%        N/A       1%          5
 Summon Forest            Summ/Tloc      50%        N/A       1%          5
 Death Channel            Necr           50%        N/A       1%          6
 Dispersal                Tloc           50%        N/A       1%          6
 Eringya's Noxious Bog    Tmut/Pois      50%        4d6       1%          6
 Simulacrum               Ice/Necr       50%        N/A       1%          6
 Starburst                Conj/Fire      50%        6d14      1%          6
 Enfeeble                 Hex            50%        N/A       1%          7
 Haunt                    Necr/Summ      50%        N/A       1%          7
 Orb of Destruction       Conj           50%        9d13      1%          7
 Ozocubu's Refrigeration  Ice            50%        4d18      1%          7
 Summon Hydra             Summ           50%        N/A       1%          7
 Disjunction              Tloc           50%        N/A       16%         8
 Ignition                 Fire           50%        3d14      16%         8
 Infestation              Necr           50%        N/A       16%         8
 Lehudib's Crystal Spear  Conj/Erth      50%        10d12     16%         8
 Dragon's Call            Summ           50%        N/A       94%         9
 Fire Storm               Conj/Fire      50%        8d13      94%         9
 Polar Vortex             Ice            50%        12d6*     94%         9


Dungeon Overview and Level Annotations

Branches:
Dungeon (15/15)            Temple (1/1) D:4            Lair (5/5) D:8
  Swamp (4/4) Lair:2        Snake (4/4) Lair:3        Slime (0/5) Lair:4
    Orc (2/2) D:10            Elf (3/3) Orc:2        Vaults (5/5) D:14
  Crypt (0/3) Vaults:2     Depths (4/4) D:15            Zot (5/5) Depths:4
  IceCv (visited)         Gauntlet (visited)

Altars:
Ashenzari
Cheibriados
Dithmenos
Elyvilon
Fedhas
Gozag
Hepliaklqana
Kikubaaqudgha
Makhleb
Nemelex Xobeh
Okawaru
Qazlal
Ru
Sif Muna
Trog
Uskayaw
Vehumet
Wu Jian
Xom
Yredelemnul
Zin
The Shining One
Jiyva

Shops:
D:3 *   D:7 (**   D:12 =   Orc:1 (   Orc:2 :*[(   Snake:3 [[(   Vaults:1 [
Vaults:3 *   Vaults:4 (   Depths:1 (*

Portals:
Hell: Depths:1 Depths:2 Depths:3 Depths:4
Abyss: Depths:3
Pandemonium: Depths:2 Depths:4
Ziggurat: Depths:3

Annotations:
D:3 1 runed translucent door, exclusion: door, Crazy Yiuf
D:6 3 runed translucent doors, exclusion: 3 doors, stil's ghost, novice OpSh
D:9 3 runed translucent doors, exclusion: 3 doors, paps's ghost, novice TrBe
Swamp:3 1 runed translucent door, exclusion: door, crabbyslav's ghost, adept DsSh
Swamp:4 3 runed translucent doors, exclusion: 3 doors, Vaonuif's ghost, adept OpFE
Snake:2 2 transporters, Iheguu's ghost, adept DsEE
Elf:2 5 runed translucent doors, exclusion: door
Depths:1 1 runed translucent door


Innate Abilities, Weirdness & Mutations

You have very sharp teeth.
Your uncanny sense of smell can sniff out nearby items.
Your experience applies equally to all skills.
Your system is resistant to poisons. (rPois)
You expend magic power (3 MP) to strengthen your wands.


Message History

Vecwin comes into view.
The sixfirhy completely misses you. x3
Your spellforged servitor points at the sixfirhy and mumbles some strange words.
The entropic shot hits the sixfirhy!!!
The sixfirhy dissolves into mud!
The sixfirhy dies!
Cheibriados thoroughly appreciates the change of pace.
There is some mud, summoned here.
Your spellforged servitor casts a spell at Vecwin.
The entropic shot hits Vecwin!!!
Press: ? - help, v - describe, . - travel
Here: Vecwin (lightly wounded, ally target)
The floor.
Unknown command.
Unknown command.
You block Vecwin's attack. Something hits you!
You feel your power leaking away.
Deactivating autopickup; reactivate with Ctrl-A.
Vecwin gestures.
The dungeon shakes, a horrible noise fills the air, and a portal to some otherworldly place is opened!
Something hits you.
You feel your power leaking away. The smoke demon gestures at you.
Something smites you!
Blink to where?
Press: ? - help, Dir - move target
As you read the scroll of blinking {@r4}, it crumbles to dust.
Vecwin gestures at you.
The smoke demon blinks!
You fly upwards.
Level annotation: 3 runed translucent doors, exclusion: 3 doors, stil's ghost, novice OpSh Reactivating autopickup.
There is a stone staircase leading down here.
(D) Dungeon (T) Temple (L) Lair (S) Swamp (P) Snake Pit (M) Slime Pits (O) Orcish Mines (E) Elven Halls (V) Vaults (C) Crypt (U) Depths (H) Hell (Z) Zot
Where to? (Tab/Enter - D:1 @ (x,y), ? - help)
There is an open door here.
HP restored.
Magic restored.
There is an open door here.
There is an open door here.
There is an open door here.
You reach down and open the door.
There is an open door here. 3 sun demons come into view.
The sun demon shouts!
The sun demon moves out of view.
There is a stone staircase leading up here.
You fly upwards.
There is a stone staircase leading down here.
(D) Dungeon (T) Temple (L) Lair (S) Swamp (P) Snake Pit (M) Slime Pits (O) Orcish Mines (E) Elven Halls (V) Vaults (C) Crypt (U) Depths (H) Hell (Z) Zot
Where to? (Tab/Enter - D:1 @ (x,y), ? - help)
A soul eater comes into view.
Casting: Spellforged Servitor (mildly dangerous; 1% risk of failure)
Confirm with . or Enter, or press ? or * to list all spells.
You summon a servant imbued with your destructive magic!
Your spellforged servitor casts a spell at the soul eater.
The entropic shot hits the soul eater!!
Your spellforged servitor casts a spell at the soul eater.
The entropic shot hits the soul eater!!!
The soul eater dissolves into mud!
The soul eater dies!
Cheibriados appreciates the change of pace.
(D) Dungeon (T) Temple (L) Lair (S) Swamp (P) Snake Pit (M) Slime Pits (O) Orcish Mines (E) Elven Halls (V) Vaults (C) Crypt (U) Depths (H) Hell (Z) Zot
Where to? (Tab/Enter - D:1 @ (x,y), ? - help) Magic restored.
You see here a +0 giant club.
There is a stone staircase leading up here.
You fly upwards.
Your summoned ally is left behind.
There is a stone staircase leading down here.
There is an open door here.
There is a stone staircase leading up here.
You fly upwards.
Level annotation: 1 runed translucent door, exclusion: door, Crazy Yiuf
There is a stone staircase leading down here.
You see here a +0 mace.
There is a stone staircase leading up here.
You fly upwards.
There is a stone staircase leading down here.
There is a stone staircase leading up here.
You fly upwards.
There is a stone staircase leading down, spattered with blood here.
Things that are here:
a +0 dagger; an orc skeleton You reach down and open the door.
There is an open door here.
A Jitueh Joigh and 2 ice devils come into view.
Blink to where?
Press: ? - help, Dir - move target
As you read the scroll of blinking {@r4}, it crumbles to dust.
Jitueh Joigh moves out of view.
The ice devil moves out of view.
There is a staircase leading out of the dungeon here.
You have escaped!

#.....##....########.# #.#
#.# #.....#..............#
#.# #.#
#........###############.#
#.#
#######..#≈≈≈≈≈≈≈≈≈≈≈≈≈#.#
#.# ....#
#..#≈≈≈≈≈≈≈≈~≈≈≈≈#.# #.#
###.#
#..#≈≈≈≈~~~~~≈≈≈≈#.###.#
#.#
#..#≈≈≈~~~~~~≈≈≈≈#.....#
#.#
#..#≈≈~~~...~~≈≈≈#######
#.# #..#≈≈~~..@..~~~≈# #.#
#..#≈≈≈~~...~~~≈≈#
#.###..#≈≈≈≈~~~~~~≈≈≈#
♣♣♣......#≈≈≈≈≈~~~≈≈≈≈≈#
.........#≈≈≈≈~~~~~≈≈≈≈#
♣♣♣......#≈≈~≈4≈~≈~~≈≈≈#
#...)....#≈≈≈~~≈~≈~~≈≈≈#
###'###..#≈≈≈~~≈~≈~~≈≈≈#
#..##..#≈§~~~≈~~~~~≈≈#


You could see an ice devil.

Vanquished Creatures
  7 orbs of fire (Zot:5)
  3 ancient liches (Zot:5)
  Boris (twice) (Vaults:5 Depths:4)
  Bai Suzhen (Snake:3)
  2 Killer Klowns (Zot:5)
  3 golden dragons
  Nikola (Swamp:4)
  3 electric golems
  2 tentacled monstrosities
  17 Orb Guardians (Zot:5)
  Zenata (Elf:3)
  Mlioglotl (Snake:1)
  5 liches
  A walking earthen tome (Depths:3)
  2 deep elf master archers (Elf:3)
  A quicksilver dragon (Vaults:5)
  5 titans
  4 deep elf blademasters (Elf:3)
  Frances (D:13)
  5 sphinxes
  Gastronok (D:11)
  An Executioner (Depths:3)
  Kirke (Lair:4)
  3 death cobs
  7 tengu reavers
  2 thorn hunters (Swamp:4)
  Aizul (Snake:1)
  6 shadow dragons
  4 storm dragons
  A daeva (Depths:1)
  2 fenstrider witches (Swamp:3)
  A draconian knight (Depths:4)
  11 frost giants
  7 nagarajas (Snake:4)
  8 fire giants
  An iron dragon (Depths:3)
  9 deep elf sorcerers
  2 deep elf elementalists (Elf:3)
  17 vault wardens
  A ghost moth (Zot:3)
  2 draconian stormcallers
  A draconian shifter (Zot:5)
  3 orc warlords
  3 draconian annihilators
  31 ironbound preservers
  9 ironbound thunderhulks
  8 very ugly things
  3 spriggan defenders
  3 green draconians
  A broodmother (shapeshifter) (Vaults:5)
  4 formless jellyfish
  4 eleionomae
  12 stone giants
  2 black draconians
  3 deep elf demonologists (Elf:3)
  3 bunyips
  16 dire elephants
  11 deep elf annihilators
  5 purple draconians
  2 red draconians (Zot:5)
  4 yellow draconians
  5 white draconians
  A spark wasp (Depths:3)
  A minotaur (Gauntlet)
  4 deep elf death magi
  A green death (Depths:4)
  6 ettins
  Josephine (Lair:3)
  3 crystal guardians
  3 jiangshi (Depths:1)
  A merfolk javelineer (Depths:2)
  A merfolk impaler (Depths:2)
  9 fire dragons
  18 yaktaur captains
  A shambling mangrove (Swamp:4)
  3 deep elf high priests
  7 great orbs of eyes
  17 ice dragons
  25 vault guards
  Fannar (D:11)
  3 salamander tyrants (Snake:1)
  2 entropy weavers (Vaults:3)
  3 ogre magi
  25 hydras
  6 spriggan air magi
  14 ironbound frosthearts
  2 catoblepae
  4 death knights
  7 rakshasas
  4 peacekeepers
  23 centaur warriors
  4 ghost crabs
  5 two-headed ogres
  10 dancing weapons
  10 anacondas
  9 boulder beetles
  6 deep troll shamans
  3 tengu warriors
  20 naga warriors
  8 deep troll earth magi
  10 alligators
  16 naga sharpshooters
  7 orc high priests
  10 shock serpents
  4 vampire magi
  Urug (D:12)
  6 spriggan berserkers
  8 death yaks
  A sun demon (Depths:4)
  7 deep elf knights
  A spectral catoblepas (Lair:2)
  8 iron trolls
  3 skysharks
  2 shadow wraiths (Depths:2)
  2 skeletal warriors
  A shadow demon (Depths:2)
  A sea snake (shapeshifter) (Depths:4)
  4 goliath frogs
  70 deep trolls
  Amaemon (Lair:2)
  6 salamander mystics
  6 flayed ghosts
  9 swamp dragons
  6 sea snakes (Snake:4)
  6 bog bodies
  4 spriggan druids
  5 glowing orange brains
  A spectral hydra (Lair:2)
  4 naga ritualists
  14 wizards
  8 deep elf archers
  An orange crystal statue (IceCv)
  7 phantasmal warriors
  A harpy (Vaults:1)
  10 lindwurms
  6 orc knights
  The ghost of Tutankhamun the Cruncher, a novice GrGl of Okawaru (D:7)
  22 deep elf zephyrmancers
  A tengu skeleton (Depths:1)
  27 ironbound convokers
  24 deep elf pyromancers
  3 oklob plants (Lair:4)
  2 frost giant zombies (Depths:1)
  6 mana vipers
  38 ugly things
  3 necromancers
  4 will-o-the-wisps
  A wolf spider (shapeshifter) (Depths:3)
  A shining eye (shapeshifter) (Depths:3)
  5 manticores
  4 cyclopes
  A worldbinder (Gauntlet)
  6 orc sorcerers
  5 moths of wrath
  11 salamanders
  15 elephants
  36 black mambas
  An elephant (shapeshifter) (Elf:3)
  2 centaur zombies (D:15)
  6 guardian serpents
  3 orange demons
  A rust devil (Depths:2)
  19 naga magi
  An elf zombie (Vaults:3)
  4 gargoyles
  10 vault sentinels
  14 cane toads
  3 centaur skeletons (D:15)
  An unseen horror (D:12)
  10 komodo dragons
  2 efreet
  A kobold demonologist (D:12)
  62 yaktaurs
  6 freezing wraiths
  8 tengu conjurers
  6 red devils
  8 rime drakes
  2 human skeletons (Vaults:3)
  3 ice devils (Depths:4)
  A meliai (shapeshifter) (Elf:1)
  18 hornets
  2 bloated husks (Swamp:2)
  10 polar bears
  9 tyrant leeches
  A hellwing (Depths:4)
  A wolf spider simulacrum (D:15)
  15 trolls
  A tarantella (shapeshifter) (D:14)
  11 blink frogs
  9 dream sheep (Lair:5)
  A jumping spider (Lair:5)
  47 slime creatures
  A spriggan zombie (Depths:1)
  17 spriggans
  A ynoxinul (Gauntlet)
  A vampire (D:13)
  A shadow (D:12)
  A centaur simulacrum (D:13)
  58 yaks
  4 basilisks
  13 wyverns
  8 water elementals
  An air elemental (Elf:2)
  5 wraiths
  A nameless horror (Vaults:5)
  5 hogs (Lair:4)
  A redback (Vaults:3)
  2 steam dragons (Lair:3)
  9 vampire mosquitoes
  4 acid dragons
  3 wargs
  19 swamp worms
  57 nagas
  16 water moccasins
  Duvessa (D:7)
  3 ice beasts
  A floating eye (shapeshifter) (Vaults:5)
  A spectral yak (Lair:2)
  32 orc warriors
  6 black bears
  2 sky beasts
  4 swamp drakes (Swamp:4)
  An ettin simulacrum (Vaults:3)
  10 boggarts
  18 wolves
  13 ogres
  14 centaurs
  4 phantoms
  A spectral rime drake (Lair:2)
  3 kobold brigands
  19 bullfrogs
  2 earth elementals (Elf:3)
  7 scorpions
  12 wights
  A hornet simulacrum (D:15)
  Dowan (D:7)
  30 killer bees
  2 electric eels
  6 howler monkeys
  4 jellies
  5 hounds
  2 gnoll boudas
  12 orc priests
  2 sleepcaps
  3 iguanas
  2 iron imps (Gauntlet)
  13 orc wizards
  Ijyb (D:3)
  10 hell rats
  11 adders
  9 gnolls
  9 river rats (Lair:3)
  3 shadow imps
  A white imp (D:7)
  2 ufetubi
  A worm (D:2)
  2 dart slugs
  59 orcs
  5 ball pythons
  9 endoplasms
  4 giant cockroaches
  7 goblins
  8 hobgoblins
  5 jackals
  4 quokkas
  6 bats
  3 frilled lizards
  19 kobolds
  12 rats
  2 butterflies (Lair:1)
1988 creatures vanquished.

Vanquished Creatures (collateral kills)
  Mennas (Vaults:5)
  2 golden dragons (Vaults:5)
  3 tentacled monstrosities
  6 Orb Guardians
  2 quicksilver dragons
  An Executioner (Zot:4)
  A death cob (Zot:2)
  A draconian monk (Zot:3)
  2 shadow dragons (Vaults:5)
  2 tengu reavers (Vaults:5)
  4 storm dragons
  A fire giant (Vaults:5)
  3 frost giants (Vaults:5)
  An iron dragon (Vaults:5)
  3 vault wardens (Vaults:5)
  2 very ugly things (Vaults:5)
  A war gargoyle (Vaults:5)
  2 stone giants (Vaults:5)
  An ironbound preserver (Vaults:5)
  A draconian annihilator (Zot:3)
  2 green draconians (Zot:3)
  A red draconian (Zot:1)
  A black draconian (Zot:3)
  A deep elf demonologist (Vaults:5)
  2 deep elf annihilators (Vaults:5)
  2 purple draconians (Zot:3)
  A deep elf death mage (Vaults:5)
  An ettin (Vaults:5)
  10 vault guards (Vaults:5)
  2 yaktaur captains (Vaults:5)
  A deep troll earth mage (Vaults:5)
  A soul eater (D:5)
  2 sixfirhies
  3 phantasmal warriors (Vaults:5)
  A necromancer (Vaults:5)
  2 ironbound convokers (Vaults:5)
  2 ugly things (Vaults:5)
  6 moths of wrath
  A hellion (Depths:1)
  A freezing wraith (Vaults:5)
  A dream sheep (shapeshifter) (Vaults:5)
  2 golden eyes (Depths:2)
86 creatures vanquished.

Vanquished Creatures (others)
  A vampire mage (Depths:4)
  A guardian serpent (Snake:3)
  A hornet (Swamp:4)
  24 foxfires
27 creatures vanquished.

Grand Total: 2101 creatures vanquished

Notes
Turn   | Place    | Note
-------+----------+-------------------------------------------
     0 | D:1      | EnegeticOcto the Gnoll Shapeshifter began the quest for the
                  | Orb.
     0 | D:1      | Reached XP level 1. HP: 17/17 MP: 1/1
   153 | D:1      | Reached XP level 2. HP: 23/23 MP: 2/2
   507 | D:1      | Reached XP level 3. HP: 25/28 MP: 3/3
  1153 | D:2      | Reached skill level 1 in Invocations
  1193 | D:2      | Reached skill level 1 in Short Blades
  1193 | D:2      | Reached skill level 1 in Long Blades
  1193 | D:2      | Reached skill level 1 in Axes
  1193 | D:2      | Reached skill level 1 in Maces & Flails
  1193 | D:2      | Reached skill level 1 in Polearms
  1193 | D:2      | Reached skill level 1 in Staves
  1193 | D:2      | Reached skill level 1 in Ranged Weapons
  1193 | D:2      | Reached skill level 1 in Throwing
  1193 | D:2      | Reached skill level 1 in Armour
  1193 | D:2      | Reached skill level 1 in Stealth
  1193 | D:2      | Reached skill level 1 in Shields
  1193 | D:2      | Reached skill level 1 in Spellcasting
  1193 | D:2      | Reached skill level 1 in Evocations
  1385 | D:1      | Reached XP level 4. HP: 24/34 MP: 5/5
  1452 | D:2      | Reached skill level 1 in Conjurations
  1452 | D:2      | Reached skill level 1 in Hexes
  1452 | D:2      | Reached skill level 1 in Summonings
  1452 | D:2      | Reached skill level 1 in Necromancy
  1452 | D:2      | Reached skill level 1 in Translocations
  1452 | D:2      | Reached skill level 1 in Transmutations
  1452 | D:2      | Reached skill level 1 in Fire Magic
  1452 | D:2      | Reached skill level 1 in Ice Magic
  1452 | D:2      | Reached skill level 1 in Air Magic
  1452 | D:2      | Reached skill level 1 in Earth Magic
  1452 | D:2      | Reached skill level 1 in Poison Magic
  1571 | D:2      | Reached XP level 5. HP: 39/40 MP: 5/7
  1598 | D:2      | Found the +1 Delatra's gloves {ID++}
  2353 | D:3      | Reached skill level 3 in Fighting
  2538 | D:3      | Noticed Ijyb
  2696 | D:3      | Found Kessycae's Assorted Antiques.
  2702 | D:3      | Bought a scroll labelled ARGHOA TIAD for 17 gold pieces
  2702 | D:3      | Bought a brown potion for 15 gold pieces
  2999 | D:3      | Found an ancient bone altar of Kikubaaqudgha.
  3051 | D:3      | Found a blossoming altar of Fedhas.
  3188 | D:3      | Found a shadowy altar of Dithmenos.
  3190 | D:3      | Found a radiant altar of Vehumet.
  3489 | D:3      | Killed Ijyb
  3490 | D:3      | Reached skill level 2 in Invocations
  3490 | D:3      | Reached XP level 6. HP: 47/47 MP: 8/8
  3528 | D:3      | Found a runed translucent door.
  3529 | D:3      | Noticed Crazy Yiuf
  3607 | D:4      | Found a staircase to the Ecumenical Temple.
  3625 | Temple   | Entered the Ecumenical Temple
  3645 | Temple   | Became a worshipper of Cheibriados the Contemplative
  3876 | D:4      | Reached skill level 2 in Short Blades
  3876 | D:4      | Reached skill level 2 in Long Blades
  3876 | D:4      | Reached skill level 2 in Axes
  3876 | D:4      | Reached skill level 2 in Maces & Flails
  3876 | D:4      | Reached skill level 2 in Polearms
  3876 | D:4      | Reached skill level 2 in Staves
  3876 | D:4      | Reached skill level 2 in Ranged Weapons
  3876 | D:4      | Reached skill level 2 in Throwing
  3876 | D:4      | Reached skill level 2 in Armour
  3876 | D:4      | Reached skill level 5 in Dodging
  3876 | D:4      | Reached skill level 2 in Stealth
  3876 | D:4      | Reached skill level 2 in Shields
  3876 | D:4      | Reached skill level 2 in Spellcasting
  3876 | D:4      | Reached skill level 2 in Evocations
  4163 | D:4      | Reached * piety under Cheibriados
  4164 | D:4      | Reached XP level 7. HP: 46/52 MP: 10/10
  4169 | D:4      | Reached skill level 7 in Unarmed Combat
  4323 | D:4      | Reached skill level 2 in Conjurations
  4323 | D:4      | Reached skill level 2 in Hexes
  4323 | D:4      | Reached skill level 2 in Summonings
  4323 | D:4      | Reached skill level 2 in Necromancy
  4323 | D:4      | Reached skill level 2 in Translocations
  4323 | D:4      | Reached skill level 2 in Transmutations
  4323 | D:4      | Reached skill level 2 in Fire Magic
  4323 | D:4      | Reached skill level 2 in Ice Magic
  4323 | D:4      | Reached skill level 2 in Air Magic
  4323 | D:4      | Reached skill level 2 in Earth Magic
  4323 | D:4      | Reached skill level 2 in Poison Magic
  4421 | D:4      | Identified the +3 spear of the Harvest {venom, rPois rC+
                  | Dex-3}
  4481 | D:5      | Entered Level 5 of the Dungeon
  4545 | D:5      | Reached skill level 3 in Invocations
  4767 | D:5      | Reached skill level 7 in Shapeshifting
  4770 | D:5      | Reached XP level 8. HP: 39/60 MP: 12/12
  4773 | D:5      | Reached skill level 4 in Fighting
  4803 | D:5      | Reached skill level 3 in Short Blades
  4803 | D:5      | Reached skill level 3 in Long Blades
  4803 | D:5      | Reached skill level 3 in Axes
  4803 | D:5      | Reached skill level 3 in Maces & Flails
  4803 | D:5      | Reached skill level 3 in Polearms
  4803 | D:5      | Reached skill level 3 in Staves
  4803 | D:5      | Reached skill level 3 in Ranged Weapons
  4803 | D:5      | Reached skill level 3 in Throwing
  4803 | D:5      | Reached skill level 3 in Armour
  4803 | D:5      | Reached skill level 3 in Stealth
  4803 | D:5      | Reached skill level 3 in Shields
  4803 | D:5      | Reached skill level 3 in Spellcasting
  4803 | D:5      | Reached skill level 3 in Evocations
  4982 | D:3      | Bought a fine chain mail for 161 gold pieces
  4982 | D:3      | Identified the +3 chain mail "Ypsot" {rC- rCorr MP+9 Int+4}
                  | (You bought it in a shop on level 3 of the Dungeon)
  5187 | D:5      | Found a broken altar of Ashenzari.
  5492 | D:5      | Reached ** piety under Cheibriados
  5618 | D:5      | Learned a level 3 spell: Tukima's Dance
  6033 | D:6      | Found a runed translucent gate.
  6040 | D:6      | Found a runed translucent gate.
  6040 | D:6      | Noticed a kobold demonologist
  6041 | D:6      | Found a runed translucent gate.
  6042 | D:6      | Noticed stil's ghost (novice OpSh)
  6068 | D:6      | Reached skill level 3 in Conjurations
  6068 | D:6      | Reached skill level 3 in Hexes
  6068 | D:6      | Reached skill level 3 in Summonings
  6068 | D:6      | Reached skill level 3 in Necromancy
  6068 | D:6      | Reached skill level 3 in Translocations
  6068 | D:6      | Reached skill level 3 in Transmutations
  6068 | D:6      | Reached skill level 3 in Fire Magic
  6068 | D:6      | Reached skill level 3 in Ice Magic
  6068 | D:6      | Reached skill level 3 in Air Magic
  6068 | D:6      | Reached skill level 3 in Earth Magic
  6068 | D:6      | Reached skill level 3 in Poison Magic
  6068 | D:6      | Reached skill level 4 in Invocations
  6107 | D:6      | Learned a level 3 spell: Vampiric Draining
  6188 | D:6      | Reached skill level 6 in Dodging
  6278 | D:6      | Reached XP level 9. HP: 54/66 MP: 14/14
  6390 | D:6      | Identified a scroll of acquirement
  6391 | D:6      | Acquired a +4 longbow of electrocution
  6664 | D:6      | Reached skill level 4 in Short Blades
  6664 | D:6      | Reached skill level 4 in Long Blades
  6664 | D:6      | Reached skill level 4 in Axes
  6664 | D:6      | Reached skill level 4 in Maces & Flails
  6664 | D:6      | Reached skill level 4 in Polearms
  6664 | D:6      | Reached skill level 4 in Staves
  6664 | D:6      | Reached skill level 4 in Ranged Weapons
  6664 | D:6      | Reached skill level 4 in Throwing
  6664 | D:6      | Reached skill level 4 in Armour
  6664 | D:6      | Reached skill level 4 in Stealth
  6664 | D:6      | Reached skill level 4 in Shields
  6664 | D:6      | Reached skill level 4 in Spellcasting
  6664 | D:6      | Reached skill level 4 in Evocations
  6869 | D:6      | Reached skill level 5 in Fighting
  7181 | D:7      | Found Cies's Weapon Emporium.
  7219 | D:7      | Found a transporter.
  7235 | D:7      | Noticed a moth of wrath
  7236 | D:7      | Noticed Dowan
  7242 | D:7      | Found a transporter.
  7242 | D:7      | Noticed Tutankhamun's ghost (novice GrGl)
  7247 | D:7      | Noticed Duvessa
  7251 | D:7      | Killed Duvessa
  7252 | D:7      | Reached skill level 8 in Unarmed Combat
  7254 | D:7      | Killed Dowan
  7262 | D:7      | Reached skill level 5 in Invocations
  7380 | D:7      | Found Beuhitso's Assorted Antiques.
  7389 | D:7      | Bought a scroll labelled NAACEWN ZESU for 30 gold pieces
  7410 | D:7      | Reached *** piety under Cheibriados
  7426 | D:7      | Found Sefisufu's Assorted Antiques.
  7511 | D:7      | Found a white marble altar of Elyvilon.
  7577 | D:7      | Found a basalt altar of Yredelemnul.
  7641 | D:7      | Bought a fuming purple potion for 18 gold pieces
  7641 | D:7      | Bought a scroll of identify for 40 gold pieces
  7641 | D:7      | Bought 2 fuming purple potions for 36 gold pieces
  7781 | D:7      | Reached skill level 4 in Conjurations
  7781 | D:7      | Reached skill level 4 in Hexes
  7781 | D:7      | Reached skill level 4 in Summonings
  7781 | D:7      | Reached skill level 4 in Necromancy
  7781 | D:7      | Reached skill level 4 in Translocations
  7781 | D:7      | Reached skill level 4 in Transmutations
  7781 | D:7      | Reached skill level 4 in Fire Magic
  7781 | D:7      | Reached skill level 4 in Ice Magic
  7781 | D:7      | Reached skill level 4 in Air Magic
  7781 | D:7      | Reached skill level 4 in Earth Magic
  7781 | D:7      | Reached skill level 4 in Poison Magic
  7786 | D:7      | Reached XP level 10. HP: 55/74 MP: 17/17
  7867 | D:7      | Learned a level 2 spell: Blink
  7949 | D:7      | Found an ornate altar of the Wu Jian Council.
  8111 | D:8      | Reached skill level 5 in Short Blades
  8111 | D:8      | Reached skill level 5 in Long Blades
  8111 | D:8      | Reached skill level 5 in Axes
  8111 | D:8      | Reached skill level 5 in Maces & Flails
  8111 | D:8      | Reached skill level 5 in Polearms
  8111 | D:8      | Reached skill level 5 in Staves
  8111 | D:8      | Reached skill level 5 in Ranged Weapons
  8111 | D:8      | Reached skill level 5 in Throwing
  8111 | D:8      | Reached skill level 5 in Armour
  8111 | D:8      | Reached skill level 5 in Stealth
  8111 | D:8      | Reached skill level 5 in Shields
  8111 | D:8      | Reached skill level 5 in Spellcasting
  8111 | D:8      | Reached skill level 5 in Evocations
  8482 | D:8      | Reached skill level 7 in Dodging
  8700 | D:8      | Reached skill level 6 in Fighting
  8700 | D:8      | Reached skill level 8 in Shapeshifting
  8785 | D:8      | Reached **** piety under Cheibriados
  9068 | D:8      | Reached skill level 6 in Invocations
  9575 | D:8      | Found an iron altar of Okawaru.
  9722 | D:8      | Found a staircase to the Lair.
 10133 | D:8      | Learned a level 3 spell: Frozen Ramparts
 10183 | D:9      | Found an opulent altar of Gozag.
 10336 | D:9      | Found a runed translucent gate.
 10754 | D:9      | Reached XP level 11. HP: 83/83 MP: 19/19
 10758 | D:9      | Reached skill level 9 in Unarmed Combat
 10796 | D:9      | Reached skill level 6 in Short Blades
 10796 | D:9      | Reached skill level 6 in Long Blades
 10796 | D:9      | Reached skill level 6 in Axes
 10796 | D:9      | Reached skill level 6 in Maces & Flails
 10796 | D:9      | Reached skill level 6 in Polearms
 10796 | D:9      | Reached skill level 6 in Staves
 10796 | D:9      | Reached skill level 6 in Ranged Weapons
 10796 | D:9      | Reached skill level 6 in Throwing
 10796 | D:9      | Reached skill level 6 in Armour
 10796 | D:9      | Reached skill level 6 in Stealth
 10796 | D:9      | Reached skill level 6 in Shields
 10796 | D:9      | Reached skill level 6 in Spellcasting
 10796 | D:9      | Reached skill level 5 in Conjurations
 10796 | D:9      | Reached skill level 5 in Hexes
 10796 | D:9      | Reached skill level 5 in Summonings
 10796 | D:9      | Reached skill level 5 in Necromancy
 10796 | D:9      | Reached skill level 5 in Translocations
 10796 | D:9      | Reached skill level 5 in Transmutations
 10796 | D:9      | Reached skill level 5 in Fire Magic
 10796 | D:9      | Reached skill level 5 in Ice Magic
 10796 | D:9      | Reached skill level 5 in Air Magic
 10796 | D:9      | Reached skill level 5 in Earth Magic
 10796 | D:9      | Reached skill level 5 in Poison Magic
 10796 | D:9      | Reached skill level 6 in Evocations
 10998 | D:9      | Found a runed translucent gate.
 10999 | D:9      | Found a runed translucent gate.
 11001 | D:9      | Noticed paps's ghost (novice TrBe)
 11002 | D:9      | Noticed a two-headed ogre
 11003 | D:9      | Noticed a wizard
 11037 | D:9      | Got the Thoughts on the Toxic Icicle
 11042 | D:9      | Learned a level 3 spell: Ozocubu's Armour
 11169 | D:9      | Reached ***** piety under Cheibriados
 11190 | D:9      | Noticed a six-headed hydra
 11195 | D:9      | Killed a six-headed hydra
 11196 | D:9      | Reached skill level 7 in Invocations
 11256 | D:9      | Reached skill level 7 in Fighting
 11256 | D:9      | Reached skill level 8 in Dodging
 11349 | D:10     | Entered Level 10 of the Dungeon
 11671 | D:10     | Found a staircase to the Orcish Mines.
 12091 | D:10     | You fall into a shaft and drop 1 floor!
 12092 | D:11     | Noticed Fannar
 12102 | D:11     | Killed Fannar
 12233 | D:10     | Found a burning altar of Makhleb.
 12426 | Lair:1   | Entered Level 1 of the Lair of Beasts
 12640 | Lair:1   | Acquired 341 gold pieces
 12652 | Lair:1   | Reached XP level 12. HP: 91/91 MP: 22/22
 12686 | Lair:1   | Reached skill level 7 in Short Blades
 12686 | Lair:1   | Reached skill level 7 in Long Blades
 12686 | Lair:1   | Reached skill level 7 in Axes
 12686 | Lair:1   | Reached skill level 7 in Maces & Flails
 12686 | Lair:1   | Reached skill level 7 in Polearms
 12686 | Lair:1   | Reached skill level 7 in Staves
 12686 | Lair:1   | Reached skill level 7 in Ranged Weapons
 12686 | Lair:1   | Reached skill level 7 in Throwing
 12686 | Lair:1   | Reached skill level 7 in Armour
 12686 | Lair:1   | Reached skill level 7 in Stealth
 12686 | Lair:1   | Reached skill level 7 in Shields
 12686 | Lair:1   | Reached skill level 7 in Spellcasting
 12686 | Lair:1   | Reached skill level 7 in Evocations
 13055 | Lair:2   | Found a gate leading to a gauntlet.
 13062 | Gauntlet | Entered a Gauntlet
 13062 | Gauntlet | Found a transporter.
 13071 | Gauntlet | Found a transporter.
 13074 | Gauntlet | Found a transporter.
 13075 | Gauntlet | Found a transporter.
 13086 | Gauntlet | Found a transporter.
 13086 | Gauntlet | Found a transporter.
 13087 | Gauntlet | Found a transporter.
 13091 | Gauntlet | Found a runed translucent door.
 13095 | Gauntlet | Found a transporter.
 13098 | Gauntlet | Found a transporter.
 13099 | Gauntlet | Found a transporter.
 13107 | Gauntlet | Found a transporter.
 13107 | Gauntlet | Found a runed translucent door.
 13110 | Gauntlet | Found a transporter.
 13111 | Gauntlet | Found a transporter.
 13122 | Gauntlet | Found a transporter.
 13312 | Gauntlet | Reached ****** piety under Cheibriados
 13430 | Gauntlet | Reached skill level 6 in Conjurations
 13430 | Gauntlet | Reached skill level 6 in Hexes
 13430 | Gauntlet | Reached skill level 6 in Summonings
 13430 | Gauntlet | Reached skill level 6 in Necromancy
 13430 | Gauntlet | Reached skill level 6 in Translocations
 13430 | Gauntlet | Reached skill level 6 in Transmutations
 13430 | Gauntlet | Reached skill level 6 in Fire Magic
 13430 | Gauntlet | Reached skill level 6 in Ice Magic
 13430 | Gauntlet | Reached skill level 6 in Air Magic
 13430 | Gauntlet | Reached skill level 6 in Earth Magic
 13430 | Gauntlet | Reached skill level 6 in Poison Magic
 13430 | Gauntlet | Reached skill level 9 in Shapeshifting
 13499 | Gauntlet | Noticed a minotaur
 13504 | Gauntlet | Killed a minotaur
 13505 | Gauntlet | Reached skill level 8 in Invocations
 13511 | Gauntlet | Found the +2 hat of the Bear Spirit {Spirit, Bear, *Rage
                  | Will++}
 13592 | Lair:2   | You fall into a shaft and drop 1 floor!
 13611 | Lair:3   | Reached skill level 10 in Unarmed Combat
 13747 | Lair:3   | Reached skill level 8 in Fighting
 13800 | Lair:2   | Reached skill level 9 in Dodging
 14161 | Lair:2   | Noticed Amaemon
 14165 | Lair:2   | Killed Amaemon
 14290 | Lair:2   | Reached XP level 13. HP: 94/99 MP: 24/24
 14293 | Lair:2   | Reached skill level 8 in Short Blades
 14293 | Lair:2   | Reached skill level 8 in Long Blades
 14293 | Lair:2   | Reached skill level 8 in Axes
 14293 | Lair:2   | Reached skill level 8 in Maces & Flails
 14293 | Lair:2   | Reached skill level 8 in Polearms
 14293 | Lair:2   | Reached skill level 8 in Staves
 14293 | Lair:2   | Reached skill level 8 in Ranged Weapons
 14293 | Lair:2   | Reached skill level 8 in Throwing
 14293 | Lair:2   | Reached skill level 8 in Armour
 14293 | Lair:2   | Reached skill level 8 in Stealth
 14293 | Lair:2   | Reached skill level 8 in Shields
 14293 | Lair:2   | Reached skill level 8 in Spellcasting
 14293 | Lair:2   | Reached skill level 8 in Evocations
 14425 | Lair:2   | Identified the +1 robe of Laczus {Rampage Will+}
 14872 | Lair:3   | Found a staircase to the Snake Pit.
 14893 | Lair:3   | Noticed Josephine
 14901 | Lair:3   | Killed Josephine
 14902 | Lair:3   | Reached skill level 9 in Invocations
 15563 | Lair:3   | Reached skill level 7 in Conjurations
 15563 | Lair:3   | Reached skill level 7 in Hexes
 15563 | Lair:3   | Reached skill level 7 in Summonings
 15563 | Lair:3   | Reached skill level 7 in Necromancy
 15563 | Lair:3   | Reached skill level 7 in Translocations
 15563 | Lair:3   | Reached skill level 7 in Transmutations
 15563 | Lair:3   | Reached skill level 7 in Fire Magic
 15563 | Lair:3   | Reached skill level 7 in Ice Magic
 15563 | Lair:3   | Reached skill level 7 in Air Magic
 15563 | Lair:3   | Reached skill level 7 in Earth Magic
 15563 | Lair:3   | Reached skill level 7 in Poison Magic
 15821 | Lair:3   | Reached skill level 9 in Fighting
 16620 | Lair:4   | Reached skill level 10 in Dodging
 16620 | Lair:4   | Reached skill level 11 in Unarmed Combat
 16792 | Lair:4   | Noticed Kirke
 16801 | Lair:4   | Reached skill level 10 in Shapeshifting
 16803 | Lair:4   | Killed Kirke
 16804 | Lair:4   | Reached skill level 9 in Short Blades
 16804 | Lair:4   | Reached skill level 9 in Long Blades
 16804 | Lair:4   | Reached skill level 9 in Axes
 16804 | Lair:4   | Reached skill level 9 in Maces & Flails
 16804 | Lair:4   | Reached skill level 9 in Polearms
 16804 | Lair:4   | Reached skill level 9 in Staves
 16804 | Lair:4   | Reached skill level 9 in Ranged Weapons
 16804 | Lair:4   | Reached skill level 9 in Throwing
 16804 | Lair:4   | Reached skill level 9 in Armour
 16804 | Lair:4   | Reached skill level 9 in Stealth
 16804 | Lair:4   | Reached skill level 9 in Shields
 16804 | Lair:4   | Reached skill level 9 in Spellcasting
 16804 | Lair:4   | Reached skill level 9 in Evocations
 16804 | Lair:4   | Reached XP level 14. HP: 108/108 MP: 20/27
 17032 | Lair:4   | Found a viscous altar of Jiyva.
 17068 | Lair:4   | Reached skill level 10 in Invocations
 17188 | Lair:4   | Found a staircase to the Slime Pits.
 17573 | Lair:4   | Identified the +5 bardiche of the Devouring Tiger {flame,
                  | rPois}
 17906 | Lair:5   | Entered Level 5 of the Lair of Beasts
 18980 | Lair:5   | Noticed Nessos
 18983 | Lair:5   | Nessos changed into Nessos the jumping spider
 18983 | Lair:5   | Noticed Nessos
 18985 | Lair:5   | Killed Nessos the jumping spider
 19049 | Lair:5   | Reached skill level 8 in Conjurations
 19049 | Lair:5   | Reached skill level 8 in Hexes
 19049 | Lair:5   | Reached skill level 8 in Summonings
 19049 | Lair:5   | Reached skill level 8 in Necromancy
 19049 | Lair:5   | Reached skill level 8 in Translocations
 19049 | Lair:5   | Reached skill level 8 in Transmutations
 19049 | Lair:5   | Reached skill level 8 in Fire Magic
 19049 | Lair:5   | Reached skill level 8 in Ice Magic
 19049 | Lair:5   | Reached skill level 8 in Air Magic
 19049 | Lair:5   | Reached skill level 8 in Earth Magic
 19049 | Lair:5   | Reached skill level 8 in Poison Magic
 19113 | Lair:5   | Reached skill level 10 in Fighting
 20975 | D:11     | Reached XP level 15. HP: 115/115 MP: 23/28
 21062 | D:11     | Noticed Gastronok
 21072 | D:11     | Killed Gastronok
 21073 | D:11     | Reached skill level 10 in Short Blades
 21073 | D:11     | Reached skill level 10 in Long Blades
 21073 | D:11     | Reached skill level 10 in Axes
 21073 | D:11     | Reached skill level 10 in Maces & Flails
 21073 | D:11     | Reached skill level 10 in Polearms
 21073 | D:11     | Reached skill level 10 in Staves
 21073 | D:11     | Reached skill level 10 in Ranged Weapons
 21073 | D:11     | Reached skill level 10 in Throwing
 21073 | D:11     | Reached skill level 10 in Armour
 21073 | D:11     | Reached skill level 11 in Dodging
 21073 | D:11     | Reached skill level 10 in Stealth
 21073 | D:11     | Reached skill level 10 in Shields
 21073 | D:11     | Reached skill level 10 in Spellcasting
 21073 | D:11     | Reached skill level 10 in Evocations
 21808 | D:11     | Learned a level 5 spell: Arcjolt
 21815 | D:11     | Learned a level 6 spell: Plasma Beam
 21900 | Orc:1    | Entered Level 1 of the Orcish Mines
 22007 | Orc:1    | Reached skill level 11 in Invocations
 22187 | Orc:2    | Entered Level 2 of the Orcish Mines
 22197 | Orc:1    | Reached skill level 12 in Unarmed Combat
 22734 | Orc:2    | Found Toom Hit's General Store.
 22742 | Orc:2    | Bought a potion of attraction for 42 gold pieces
 22768 | Orc:2    | Found Jaskuog's Antique Armour Emporium.
 22880 | Orc:2    | Noticed an orc warlord
 22892 | Orc:2    | Killed an orc warlord
 22952 | Orc:2    | Found Leihom's Antique Weapon Emporium.
 23027 | Orc:2    | Found Wutoij's Book Emporium.
 23038 | Orc:2    | Found a staircase to the Elven Halls.
 23239 | Orc:2    | Learned a level 5 spell: Irradiate
 23420 | Orc:1    | Found Pilaotz's Antique Weapon Boutique.
 23616 | Orc:2    | Bought a fading morningstar for 216 gold pieces
 23616 | Orc:2    | Identified the +4 morningstar "Gapsaac" {freeze, rN+ Str+2
                  | Int-5} (You bought it in a shop on level 2 of the Orcish
                  | Mines)
 23858 | D:3      | Bought a box of beasts for 680 gold pieces
 23858 | D:3      | Bought a pair of glowing gloves for 127 gold pieces
 23994 | D:7      | Killed Tutankhamun's ghost
 24032 | D:7      | Identified the +0 helmet "Daman" {rF+ rN+ Will+ Stlth+}
 24272 | D:12     | Found Hiar's Jewellery Shoppe.
 24378 | D:12     | Noticed Urug
 24387 | D:12     | Killed Urug
 24561 | D:12     | Reached skill level 11 in Shapeshifting
 24818 | D:13     | Noticed Frances
 24827 | D:13     | Killed Frances
 25017 | D:13     | Reached skill level 11 in Fighting
 25018 | D:13     | Identified the +7 scimitar of the Ship {venom, rN+ Int+4}
 25030 | D:13     | Reached skill level 9 in Conjurations
 25030 | D:13     | Reached skill level 9 in Hexes
 25030 | D:13     | Reached skill level 9 in Summonings
 25030 | D:13     | Reached skill level 9 in Necromancy
 25030 | D:13     | Reached skill level 9 in Translocations
 25030 | D:13     | Reached skill level 9 in Transmutations
 25030 | D:13     | Reached skill level 9 in Fire Magic
 25030 | D:13     | Reached skill level 9 in Ice Magic
 25030 | D:13     | Reached skill level 9 in Air Magic
 25030 | D:13     | Reached skill level 9 in Earth Magic
 25030 | D:13     | Reached skill level 9 in Poison Magic
 25247 | D:13     | Reached XP level 16. HP: 112/125 MP: 27/30
 26647 | D:14     | Reached skill level 11 in Short Blades
 26647 | D:14     | Reached skill level 11 in Long Blades
 26647 | D:14     | Reached skill level 11 in Axes
 26647 | D:14     | Reached skill level 11 in Maces & Flails
 26647 | D:14     | Reached skill level 11 in Polearms
 26647 | D:14     | Reached skill level 11 in Staves
 26647 | D:14     | Reached skill level 11 in Ranged Weapons
 26647 | D:14     | Reached skill level 11 in Throwing
 26647 | D:14     | Reached skill level 11 in Armour
 26647 | D:14     | Reached skill level 11 in Stealth
 26647 | D:14     | Reached skill level 11 in Shields
 26647 | D:14     | Reached skill level 11 in Spellcasting
 26647 | D:14     | Reached skill level 11 in Evocations
 26912 | D:14     | Reached skill level 12 in Invocations
 26941 | D:14     | Reached skill level 12 in Dodging
 27108 | D:14     | Found a gate to the Vaults.
 27447 | D:15     | Entered Level 15 of the Dungeon
 27817 | D:15     | Found a white marble altar of Elyvilon.
 28656 | D:15     | Identified the staff "Teseesi" {rElec rC+ rN+ Str-3 Necro
                  | Earth}
 28854 | D:15     | Found a staircase to the Depths.
 29114 | D:12     | Reached skill level 13 in Unarmed Combat
 29298 | Lair:2   | Found a staircase to the Swamp.
 29378 | Swamp:1  | Entered Level 1 of the Swamp
 30525 | Swamp:2  | Reached XP level 17. HP: 126/133 MP: 23/32
 31632 | Swamp:3  | Reached skill level 12 in Fighting
 32609 | Swamp:3  | Found a runed translucent door.
 32610 | Swamp:3  | Noticed crabbyslav's ghost (adept DsSh)
 32610 | Swamp:3  | Identified the +6 spear "Wiarhoudoa" {speed, Dex+3}
 32761 | Swamp:4  | Entered Level 4 of the Swamp
 32891 | Swamp:4  | Reached skill level 10 in Conjurations
 32891 | Swamp:4  | Reached skill level 10 in Hexes
 32891 | Swamp:4  | Reached skill level 10 in Summonings
 32891 | Swamp:4  | Reached skill level 10 in Necromancy
 32891 | Swamp:4  | Reached skill level 10 in Translocations
 32891 | Swamp:4  | Reached skill level 10 in Transmutations
 32891 | Swamp:4  | Reached skill level 10 in Fire Magic
 32891 | Swamp:4  | Reached skill level 10 in Ice Magic
 32891 | Swamp:4  | Reached skill level 10 in Air Magic
 32891 | Swamp:4  | Reached skill level 10 in Earth Magic
 32891 | Swamp:4  | Reached skill level 10 in Poison Magic
 33548 | Swamp:3  | Reached skill level 13 in Invocations
 33548 | Swamp:3  | Reached skill level 12 in Shapeshifting
 33625 | Swamp:3  | Reached skill level 12 in Short Blades
 33625 | Swamp:3  | Reached skill level 12 in Long Blades
 33625 | Swamp:3  | Reached skill level 12 in Axes
 33625 | Swamp:3  | Reached skill level 12 in Maces & Flails
 33625 | Swamp:3  | Reached skill level 12 in Polearms
 33625 | Swamp:3  | Reached skill level 12 in Staves
 33625 | Swamp:3  | Reached skill level 12 in Ranged Weapons
 33625 | Swamp:3  | Reached skill level 12 in Throwing
 33625 | Swamp:3  | Reached skill level 12 in Armour
 33625 | Swamp:3  | Reached skill level 12 in Stealth
 33625 | Swamp:3  | Reached skill level 12 in Shields
 33625 | Swamp:3  | Reached skill level 12 in Spellcasting
 33625 | Swamp:3  | Reached skill level 12 in Evocations
 33818 | Swamp:4  | Noticed Nikola
 33823 | Swamp:4  | Killed Nikola
 34608 | Swamp:4  | Reached skill level 13 in Dodging
 35180 | Swamp:4  | Found a runed translucent gate.
 35181 | Swamp:4  | Found a runed translucent gate.
 35181 | Swamp:4  | Noticed Vaonuif's ghost (adept OpFE)
 35182 | Swamp:4  | Found a runed translucent gate.
 35352 | Swamp:4  | Got a decaying rune of Zot
 35642 | Snake:1  | Entered Level 1 of the Snake Pit
 35701 | Snake:1  | Noticed Aizul
 35705 | Snake:1  | Killed Aizul
 35915 | Snake:1  | Reached XP level 18. HP: 140/141 MP: 25/34
 36249 | Snake:1  | Noticed Mlioglotl
 36256 | Snake:1  | Killed Mlioglotl
 36757 | Snake:1  | Reached skill level 14 in Unarmed Combat
 37149 | Snake:2  | Found a transporter.
 37153 | Snake:2  | Found a bloodstained altar of Trog.
 37165 | Snake:2  | Found a transporter.
 37738 | Snake:2  | Noticed Iheguu's ghost (adept DsEE)
 38216 | Snake:3  | Noticed Bai Suzhen
 38345 | Snake:3  | Reached skill level 13 in Fighting
 38355 | Snake:3  | Killed Bai Suzhen
 39066 | Snake:3  | Reached skill level 14 in Invocations
 39441 | Snake:3  | Found Jydap's Weapon Shoppe.
 39443 | Snake:3  | Found Qovirch's Antique Armour Emporium.
 39445 | Snake:3  | Found Pihed's Antique Armour Shoppe.
 39451 | Snake:3  | Bought a pair of shimmering gloves for 294 gold pieces
 39451 | Snake:3  | Identified the +1 pair of gloves "Iblasm" {+Blink rElec
                  | Will+ Stlth-} (You bought it in a shop on level 3 of the
                  | Snake Pit)
 39468 | Snake:3  | Bought the +5 Storm Queen's Shield {shock, Fly rElec} for
                  | 1094 gold pieces
 39468 | Snake:3  | Found the +5 Storm Queen's Shield {shock, Fly rElec}
 39590 | Snake:3  | Reached skill level 11 in Conjurations
 39590 | Snake:3  | Reached skill level 11 in Hexes
 39590 | Snake:3  | Reached skill level 11 in Summonings
 39590 | Snake:3  | Reached skill level 11 in Necromancy
 39590 | Snake:3  | Reached skill level 11 in Translocations
 39590 | Snake:3  | Reached skill level 11 in Transmutations
 39590 | Snake:3  | Reached skill level 11 in Fire Magic
 39590 | Snake:3  | Reached skill level 11 in Ice Magic
 39590 | Snake:3  | Reached skill level 11 in Air Magic
 39590 | Snake:3  | Reached skill level 11 in Earth Magic
 39590 | Snake:3  | Reached skill level 11 in Poison Magic
 40011 | Snake:3  | Learned a level 5 spell: Yara's Violent Unravelling
 40018 | Snake:3  | Learned a level 6 spell: Leda's Unmaking
 40045 | Snake:4  | Entered Level 4 of the Snake Pit
 40053 | Snake:4  | Reached skill level 13 in Short Blades
 40053 | Snake:4  | Reached skill level 13 in Long Blades
 40053 | Snake:4  | Reached skill level 13 in Axes
 40053 | Snake:4  | Reached skill level 13 in Maces & Flails
 40053 | Snake:4  | Reached skill level 13 in Polearms
 40053 | Snake:4  | Reached skill level 13 in Staves
 40053 | Snake:4  | Reached skill level 13 in Ranged Weapons
 40053 | Snake:4  | Reached skill level 13 in Throwing
 40053 | Snake:4  | Reached skill level 13 in Armour
 40053 | Snake:4  | Reached skill level 13 in Stealth
 40053 | Snake:4  | Reached skill level 13 in Shields
 40053 | Snake:4  | Reached skill level 13 in Spellcasting
 40053 | Snake:4  | Reached skill level 13 in Evocations
 40169 | Snake:4  | Reached XP level 19. HP: 149/149 MP: 36/36
 40591 | Snake:4  | Identified the +1 leather armour "Pezagg" {*Slow rElec rN+}
 41598 | Snake:4  | Reached skill level 14 in Dodging
 42045 | Snake:4  | Reached skill level 13 in Shapeshifting
 42131 | Snake:4  | Got a serpentine rune of Zot
 42683 | Elf:1    | Entered Level 1 of the Elven Halls
 43040 | Elf:1    | Found a frozen archway.
 43046 | IceCv    | Entered an ice cave
 44217 | IceCv    | Reached skill level 15 in Unarmed Combat
 44489 | Elf:1    | Got Tantothrity's Tome of Combat Magic
 44786 | Elf:1    | Reached XP level 20. HP: 158/158 MP: 31/37
 45020 | Elf:2    | Paralysed by an air elemental for 1 turns
 45025 | Elf:2    | Reached skill level 14 in Fighting
 45420 | Elf:2    | Found a huge runed translucent gate.
 45420 | Elf:2    | Found a huge runed translucent gate.
 45425 | Elf:2    | Found a huge runed translucent gate.
 45426 | Elf:2    | Found a huge runed translucent gate.
 45427 | Elf:2    | Found a huge runed translucent gate.
 45546 | Elf:2    | Reached skill level 15 in Invocations
 46181 | Elf:1    | Found a shimmering blue altar of Sif Muna.
 46229 | Elf:3    | Entered Level 3 of the Elven Halls
 46236 | Elf:3    | Noticed Zenata
 46246 | Elf:3    | Killed Zenata
 47293 | Elf:3    | Reached skill level 14 in Short Blades
 47293 | Elf:3    | Reached skill level 14 in Long Blades
 47293 | Elf:3    | Reached skill level 14 in Axes
 47293 | Elf:3    | Reached skill level 14 in Maces & Flails
 47293 | Elf:3    | Reached skill level 14 in Polearms
 47293 | Elf:3    | Reached skill level 14 in Staves
 47293 | Elf:3    | Reached skill level 14 in Ranged Weapons
 47293 | Elf:3    | Reached skill level 14 in Throwing
 47293 | Elf:3    | Reached skill level 14 in Armour
 47293 | Elf:3    | Reached skill level 14 in Stealth
 47293 | Elf:3    | Reached skill level 14 in Shields
 47293 | Elf:3    | Reached skill level 14 in Spellcasting
 47293 | Elf:3    | Reached skill level 14 in Evocations
 47702 | Elf:3    | Identified the ring "Ihokh" {rC+ Str-5 Int+4 Dex+3}
 48131 | Elf:3    | Identified the +11 spear of Atof {heavy, Will+}
 48461 | Elf:3    | Reached skill level 12 in Conjurations
 48461 | Elf:3    | Reached skill level 12 in Hexes
 48461 | Elf:3    | Reached skill level 12 in Summonings
 48461 | Elf:3    | Reached skill level 12 in Necromancy
 48461 | Elf:3    | Reached skill level 12 in Translocations
 48461 | Elf:3    | Reached skill level 12 in Transmutations
 48461 | Elf:3    | Reached skill level 12 in Fire Magic
 48461 | Elf:3    | Reached skill level 12 in Ice Magic
 48461 | Elf:3    | Reached skill level 12 in Air Magic
 48461 | Elf:3    | Reached skill level 12 in Earth Magic
 48461 | Elf:3    | Reached skill level 12 in Poison Magic
 48624 | Elf:3    | Identified the +7 whip of Zarumae {heavy, Str+2}
 48854 | Elf:3    | Got Sif Muna's Omnibus of Called Ice
 48884 | Elf:3    | Got the Codex of the Tropics and Superposition
 48936 | Elf:3    | Found the +6 lightning scales {swift, rElec}
 48994 | Elf:3    | Learned a level 1 spell: Apportation
 48997 | Elf:3    | Learned a level 2 spell: Passwall
 49000 | Elf:3    | Learned a level 2 spell: Sublimation of Blood
 49405 | Vaults:1 | Entered Level 1 of the Vaults
 49720 | Vaults:1 | Reached skill level 15 in Dodging
 49948 | Vaults:1 | Reached XP level 21. HP: 166/166 MP: 29/39
 50204 | Vaults:1 | Reached skill level 15 in Fighting
 50470 | Vaults:1 | Found Mini's Armour Boutique.
 51555 | Vaults:2 | Reached skill level 14 in Shapeshifting
 51728 | Vaults:2 | Identified the +5 quarterstaff of Destiny {heavy, rElec rC-
                  | MP+9 Stlth+}
 51772 | Vaults:2 | Reached skill level 16 in Unarmed Combat
 51772 | Vaults:2 | Reached skill level 16 in Invocations
 51875 | Vaults:2 | Reached XP level 22. HP: 177/177 MP: 40/40
 52247 | Vaults:2 | Found a staircase to the Crypt.
 52260 | Vaults:2 | Reached skill level 15 in Short Blades
 52260 | Vaults:2 | Reached skill level 15 in Long Blades
 52260 | Vaults:2 | Reached skill level 15 in Axes
 52260 | Vaults:2 | Reached skill level 15 in Maces & Flails
 52260 | Vaults:2 | Reached skill level 15 in Polearms
 52260 | Vaults:2 | Reached skill level 15 in Staves
 52260 | Vaults:2 | Reached skill level 15 in Ranged Weapons
 52260 | Vaults:2 | Reached skill level 15 in Throwing
 52260 | Vaults:2 | Reached skill level 15 in Armour
 52260 | Vaults:2 | Reached skill level 15 in Stealth
 52260 | Vaults:2 | Reached skill level 15 in Shields
 52260 | Vaults:2 | Reached skill level 15 in Spellcasting
 52260 | Vaults:2 | Reached skill level 15 in Evocations
 52283 | Vaults:2 | Reached skill level 16 in Fighting
 53135 | Vaults:3 | Reached XP level 23. HP: 184/184 MP: 38/42
 53467 | Vaults:3 | Reached skill level 13 in Conjurations
 53467 | Vaults:3 | Reached skill level 13 in Hexes
 53467 | Vaults:3 | Reached skill level 13 in Summonings
 53467 | Vaults:3 | Reached skill level 13 in Necromancy
 53467 | Vaults:3 | Reached skill level 13 in Translocations
 53467 | Vaults:3 | Reached skill level 13 in Transmutations
 53467 | Vaults:3 | Reached skill level 13 in Fire Magic
 53467 | Vaults:3 | Reached skill level 13 in Ice Magic
 53467 | Vaults:3 | Reached skill level 13 in Air Magic
 53467 | Vaults:3 | Reached skill level 13 in Earth Magic
 53467 | Vaults:3 | Reached skill level 13 in Poison Magic
 53764 | Vaults:3 | Found Voafe's Assorted Antiques.
 53772 | Vaults:3 | Bought a potion of curing for 90 gold pieces
 53772 | Vaults:3 | Bought a scroll of teleportation for 90 gold pieces
 53957 | Vaults:3 | Reached skill level 16 in Dodging
 54687 | Vaults:4 | Reached skill level 17 in Fighting
 54792 | Vaults:4 | Reached skill level 17 in Unarmed Combat
 54906 | Vaults:4 | Found Gegroj's Weapon Shoppe.
 54962 | Vaults:4 | Bought 2 boomerangs for 80 gold pieces
 55126 | Vaults:4 | Reached skill level 17 in Invocations
 55717 | Vaults:4 | Reached XP level 24. HP: 167/195 MP: 6/42
 56565 | Depths:1 | Entered Level 1 of the Depths
 56594 | Depths:1 | Found a glowing golden altar of the Shining One.
 56595 | Depths:1 | Found a runed translucent door.
 56735 | Depths:1 | Reached skill level 16 in Short Blades
 56735 | Depths:1 | Reached skill level 16 in Long Blades
 56735 | Depths:1 | Reached skill level 16 in Axes
 56735 | Depths:1 | Reached skill level 16 in Maces & Flails
 56735 | Depths:1 | Reached skill level 16 in Polearms
 56735 | Depths:1 | Reached skill level 16 in Staves
 56735 | Depths:1 | Reached skill level 16 in Ranged Weapons
 56735 | Depths:1 | Reached skill level 16 in Throwing
 56735 | Depths:1 | Reached skill level 16 in Armour
 56735 | Depths:1 | Reached skill level 16 in Stealth
 56735 | Depths:1 | Reached skill level 16 in Shields
 56735 | Depths:1 | Reached skill level 16 in Spellcasting
 56735 | Depths:1 | Reached skill level 16 in Evocations
 56838 | Depths:1 | Reached skill level 15 in Shapeshifting
 57085 | Depths:1 | Identified the +0 scale mail of Wisdom {-Cast rN+++ Str-5}
 57268 | Depths:1 | Reached skill level 18 in Fighting
 57367 | Depths:1 | Found Waeskopa's General Store.
 57367 | Depths:1 | Found Vaucasio's Antique Weapon Shop.
 57382 | Depths:1 | Bought a potion of heal wounds for 100 gold pieces
 57624 | Depths:1 | Found a gateway to Hell.
 57929 | Depths:1 | Identified the +7 quarterstaff of the Fray {heavy, *Rage
                  | Int+3 Dex+2}
 57982 | Depths:2 | Reached skill level 18 in Unarmed Combat
 58163 | Depths:2 | Found a one-way gate leading to the halls of Pandemonium.
 58718 | Depths:2 | Learned a level 8 spell: Maxwell's Capacitive Coupling
 59036 | Depths:2 | Found a white marble altar of Elyvilon.
 59503 | Depths:3 | Found a one-way gate to the infinite horrors of the Abyss.
 59591 | Depths:3 | Found a flickering gateway to a bazaar.
 59613 | Bazaar   | Entered a bazaar
 59661 | Bazaar   | Found Ropn's Jewellery Shop.
 59665 | Bazaar   | Found Peunocas's General Store.
 59672 | Bazaar   | Found Veexome's Distillery.
 59675 | Bazaar   | Bought a scroll of teleportation for 30 gold pieces
 59681 | Bazaar   | Bought a potion of heal wounds for 55 gold pieces
 59681 | Bazaar   | Bought a potion of curing for 33 gold pieces
 59681 | Bazaar   | Bought 2 potions of brilliance for 88 gold pieces
 59701 | Bazaar   | Found Zidemy's Distillery.
 59706 | Bazaar   | Found Odia's Weapon Shoppe.
 59742 | Bazaar   | Bought a ring of protection from cold for 375 gold pieces
 59742 | Bazaar   | Bought a ring of protection from fire for 375 gold pieces
 59764 | Depths:3 | Reached skill level 17 in Dodging
 59783 | Depths:3 | Reached skill level 14 in Conjurations
 59783 | Depths:3 | Reached skill level 14 in Hexes
 59783 | Depths:3 | Reached skill level 14 in Summonings
 59783 | Depths:3 | Reached skill level 14 in Necromancy
 59783 | Depths:3 | Reached skill level 14 in Translocations
 59783 | Depths:3 | Reached skill level 14 in Transmutations
 59783 | Depths:3 | Reached skill level 14 in Fire Magic
 59783 | Depths:3 | Reached skill level 14 in Ice Magic
 59783 | Depths:3 | Reached skill level 14 in Air Magic
 59783 | Depths:3 | Reached skill level 14 in Earth Magic
 59783 | Depths:3 | Reached skill level 14 in Poison Magic
 60572 | Depths:3 | Reached XP level 25. HP: 196/206 MP: 22/43
 60782 | Depths:3 | Found a one-way gateway to a ziggurat.
 61199 | Depths:3 | Reached skill level 18 in Invocations
 61518 | Depths:4 | Entered Level 4 of the Depths
 61859 | Depths:4 | Reached skill level 19 in Fighting
 63331 | Depths:4 | Reached skill level 19 in Unarmed Combat
 63418 | Depths:4 | Found a gate to the Realm of Zot.
 63558 | Depths:4 | Learned a level 7 spell: Spellforged Servitor
 64579 | Vaults:5 | Entered Level 5 of the Vaults
 64875 | Vaults:5 | Noticed Boris
 64891 | Vaults:5 | Killed Boris
 65318 | Vaults:5 | Noticed Mennas
 65323 | Vaults:5 | Identified the ring of Qongubah {Fly Will- Dex+5 SInv}
 65326 | Vaults:5 | Killed Mennas
 65383 | Vaults:5 | Identified the amulet of Toemon {RegenMP Regen+ Int+6}
 65530 | Vaults:5 | Reached skill level 17 in Short Blades
 65530 | Vaults:5 | Reached skill level 17 in Long Blades
 65530 | Vaults:5 | Reached skill level 17 in Axes
 65530 | Vaults:5 | Reached skill level 17 in Maces & Flails
 65530 | Vaults:5 | Reached skill level 17 in Polearms
 65530 | Vaults:5 | Reached skill level 17 in Staves
 65530 | Vaults:5 | Reached skill level 17 in Ranged Weapons
 65530 | Vaults:5 | Reached skill level 17 in Throwing
 65530 | Vaults:5 | Reached skill level 17 in Armour
 65530 | Vaults:5 | Reached skill level 17 in Stealth
 65530 | Vaults:5 | Reached skill level 17 in Shields
 65530 | Vaults:5 | Reached skill level 17 in Spellcasting
 65530 | Vaults:5 | Reached skill level 17 in Evocations
 65556 | Vaults:5 | Identified the amulet of Surprise {Reflect rElec Will+
                  | SH+5}
 65820 | Vaults:5 | Reached XP level 26. HP: 122/216 MP: 4/44
 66293 | Vaults:5 | Reached skill level 20 in Fighting
 66300 | Vaults:5 | Reached skill level 16 in Shapeshifting
 66438 | Vaults:5 | Reached skill level 20 in Unarmed Combat
 66597 | Vaults:5 | Got Sif Muna's Grimoire of Warped Evil
 66697 | Vaults:5 | Identified the +0 short sword "Asmo" {freeze, rElec rC+}
 66999 | Vaults:5 | Got a silver rune of Zot
 67338 | Zot:1    | Entered Level 1 of the Realm of Zot
 67433 | Zot:1    | Reached skill level 18 in Dodging
 67903 | Zot:2    | Reached skill level 19 in Invocations
 68227 | Zot:3    | Reached skill level 15 in Conjurations
 68227 | Zot:3    | Reached skill level 15 in Hexes
 68227 | Zot:3    | Reached skill level 15 in Summonings
 68227 | Zot:3    | Reached skill level 15 in Necromancy
 68227 | Zot:3    | Reached skill level 15 in Translocations
 68227 | Zot:3    | Reached skill level 15 in Transmutations
 68227 | Zot:3    | Reached skill level 15 in Fire Magic
 68227 | Zot:3    | Reached skill level 15 in Ice Magic
 68227 | Zot:3    | Reached skill level 15 in Air Magic
 68227 | Zot:3    | Reached skill level 15 in Earth Magic
 68227 | Zot:3    | Reached skill level 15 in Poison Magic
 68767 | Zot:5    | Entered Level 5 of the Realm of Zot
 69610 | Zot:5    | Noticed an ancient lich
 69615 | Zot:5    | Killed an ancient lich
 69621 | Zot:5    | Noticed a Killer Klown
 69632 | Zot:5    | Killed a Killer Klown
 70085 | Zot:5    | Noticed an ancient lich
 70089 | Zot:5    | Killed an ancient lich
 70333 | Zot:5    | Noticed a Killer Klown
 70339 | Zot:5    | Killed a Killer Klown
 70344 | Zot:5    | Noticed an orb of fire
 70349 | Zot:5    | Gained mutation: You have a pair of small horns on your
                  | head. [an orb of fire]
 70354 | Zot:5    | Killed an orb of fire
 70402 | Zot:5    | Noticed an orb of fire
 70405 | Zot:5    | Gained mutation: You are weak. (Str -2) [an orb of fire]
 70407 | Zot:5    | Gained mutation: You are dopey. (Int -2) [an orb of fire]
 70408 | Zot:5    | Killed an orb of fire
 70416 | Zot:5    | Noticed an ancient lich
 70421 | Zot:5    | Killed an ancient lich
 70433 | Zot:5    | Noticed an orb of fire
 70437 | Zot:5    | Noticed an orb of fire
 70438 | Zot:5    | Killed an orb of fire
 70439 | Zot:5    | Reached skill level 21 in Fighting
 70439 | Zot:5    | Reached XP level 27. HP: 189/228 MP: 36/44
 70446 | Zot:5    | Gained mutation: You occasionally lose the ability to drink
                  | potions when taking damage. [an orb of fire]
 70449 | Zot:5    | Killed an orb of fire
 70493 | Zot:5    | Lost mutation: You have a pair of small horns on your head.
                  | [potion of mutation]
 70493 | Zot:5    | Lost mutation: You occasionally lose the ability to drink
                  | potions when taking damage. [potion of mutation]
 70493 | Zot:5    | Gained mutation: Your system is resistant to poisons.
                  | (rPois) [potion of mutation]
 70493 | Zot:5    | Lost mutation: You are weak. (Str -2) [potion of mutation]
 70493 | Zot:5    | Lost mutation: You are dopey. (Int -2) [potion of mutation]
 70493 | Zot:5    | Gained mutation: You expend magic power (3 MP) to
                  | strengthen your wands. [potion of mutation]
 70549 | Zot:5    | Noticed an orb of fire
 70554 | Zot:5    | Killed an orb of fire
 70624 | Zot:5    | Reached skill level 18 in Short Blades
 70624 | Zot:5    | Reached skill level 18 in Long Blades
 70624 | Zot:5    | Reached skill level 18 in Axes
 70624 | Zot:5    | Reached skill level 18 in Maces & Flails
 70624 | Zot:5    | Reached skill level 18 in Polearms
 70624 | Zot:5    | Reached skill level 18 in Staves
 70624 | Zot:5    | Reached skill level 18 in Ranged Weapons
 70624 | Zot:5    | Reached skill level 18 in Throwing
 70624 | Zot:5    | Reached skill level 18 in Armour
 70624 | Zot:5    | Reached skill level 18 in Stealth
 70624 | Zot:5    | Reached skill level 18 in Shields
 70624 | Zot:5    | Reached skill level 18 in Spellcasting
 70624 | Zot:5    | Reached skill level 18 in Evocations
 70778 | Zot:5    | Noticed an orb of fire
 70783 | Zot:5    | Killed an orb of fire
 70784 | Zot:5    | Reached skill level 21 in Unarmed Combat
 70912 | Zot:5    | Noticed an orb of fire
 70916 | Zot:5    | Killed an orb of fire
 71061 | Zot:5    | Got the Orb of Zot
 71166 | Depths:4 | Noticed Boris
 71171 | Depths:4 | Killed Boris
 71225 | Depths:1 | Noticed Kufaf the pandemonium lord
 71499 | D:7      | Noticed Vecwin the pandemonium lord
 71645 | D:1      | Noticed Jitueh Joigh the pandemonium lord
 71648 | D:$      | Escaped with the Orb!

Illustrated notes

Levels and vault maps discovered:
D:1:      zaba_arrival_water, layout_basic, serial_forest,
          infiniplex_forest_straight_4, infiniplex_forest_end_1,
          infiniplex_forest_lined_room_2, infiniplex_forest_clump_diagonal,
          infiniplex_forest_straight_1, infiniplex_forest_lined_3,
          infiniplex_forest_clump_tiny, grunt_decor_arrowhead
D:2:      layout_basic, pf_guarded_unrand_delatra
D:3:      layout_rooms, kiku_gazebo_pond_becter, nicolae_overflow_hidden_temple,
          serial_shops, nicolae_square_shop, feat_on_display, uniq_ijyb,
          uniq_crazy_yiuf_cottage
D:4:      layout_basic, minmay_temple_entry_large_hall
D:5:      layout_rooms, nicolae_ashenzari_skybound, st_stairs_11
D:6:      layout_gridville, gammafunk_ghost_nasty_kobolds
D:7:      layout_rooms, nicolae_wu_jian_wuxing_cycle, kennysheep_ying_yang,
          gammafunk_ghost_berserking_beasts, serial_shops, shop, shop,
          nicolae_shop_tiny_glass, uniq_duvessa
D:8:      layout_basic, okawaru_gym_becter, minmay_lair_entry_grove,
          nicolae_titane
D:9:      layout_loops_ring, ebering_ghost_gozag, minivault_22,
          supply_closet_lemuel, solitary_fountain, kennysheep_kite_vault
D:10:     layout_basic, mainiacjoe_overflow_boulevard, david_orc_4
D:11:     layout_rooms, uniq_fannar, uniq_gastronok
D:12:     layout_roguey, serial_shops, nicolae_square_shop, uniq_urug
D:13:     hangedman_cross_cluster, layout_rooms, serial_curves, eino_curves_02,
          eino_curves_04, eino_curves_02, eino_curves_03, uniq_frances
D:14:     layout_basic, david_vaults_5, minmay_misc_feat_rugged
D:15:     grunt_enter_depths_magical_seal, layout_loops_corners,
          lemuel_coloured_pillars_altar, nicolae_twisty_statue_hallways
Temple:   minmay_temple_bridge_abc
Lair:1:   layout_chaotic_city, lemuel_fruit_fields, lemuel_fruit_fields,
          lemuel_fruit_fields
Lair:2:   layout_gridlike, nicolae_swamp_entry_spooky, gauntlet_entry_generic,
          uniq_amaemon
Lair:3:   nzn_winding_woodlands_large [nzn_winding_woodlands_5x5_closed_star,
          nzn_winding_woodlands_5x15_jagged, nzn_winding_woodlands_5x5_default,
          nzn_winding_woodlands_center_triple_pond,
          nzn_winding_woodlands_15x15_eel_pit,
          nzn_winding_woodlands_center_lodge,
          nzn_winding_woodlands_5x5_checkerboard,
          nzn_winding_woodlands_5x15_zeroes, nzn_winding_woodlands_5x5_default],
          layout_cave_pods, minmay_snake_entry_guardpost_small,
          kennysheep_abandoned_house, uniq_josephine
Lair:4:   dreamdust_cave_troll, layout_regular_city,
          minmay_slime_entry_oklob_open, wad_woods_river_03, grunt_megastairs_4,
          uniq_kirke
Lair:5:   grunt_lair_end_beastmaster, layout_hall_layers, st_stairs_4,
          uniq_nessos
Swamp:1:  layout_basic_swamp, nicolae_swamp_small_spring,
          infiniplex_staircase_pool_2
Swamp:2:  layout_basic_swamp, hangedman_swamp_ruin_wall
Swamp:3:  layout_basic_swamp, ebering_ghost_funeral_grove, hangedman_swamp_lotus
Swamp:4:  swamp_basic_johnstein, layout_basic_swamp, gammafunk_ghost_necromancy,
          uniq_nikola
Snake:1:  cheibrodos_snake_lava_hold, layout_basic, serial_bayou_pond_e,
          uniq_mlioglotl, uniq_aizul
Snake:2:  layout_honeycomb, gammafunk_ghost_wrathful_warriors,
          grunt_ministairs_2
Snake:3:  layout_cave_shapes, serial_bayou_shore_b, minmay_shop_star,
          uniq_bai_suzhen
Snake:4:  grunt_snake_rune_pools, layout_misc_corridors, grunt_megastairs_5
Orc:1:    layout_diamond_mine, serial_shops, shop
Orc:2:    grunt_orc_gardens, layout_caves, grunt_orc_garden, grunt_orc_garden,
          grunt_orc_garden, grunt_orc_garden, basic_altar, special_room,
          mines4_lemuel
Elf:1:    eino_elf_arrival_customs, layout_geoelf_grid,
          portal_ice_cave_entry_dragon, minmay_elf_annihilation,
          lemuel_upstairs_altar
Elf:2:    elven_hall_of_blades_hangedman_alternative [mumra_blade_entry_dagger],
          layout_onion_city
Elf:3:    minmay_elf_hall_furrowed, layout_geoelf_octagon, guppyfry_elf_garden,
          uniq_zenata
Vaults:1: nicolae_vaults_security_offices_5, grunt_vaults_hallway_short,
          vaults_room_hallway, grunt_vaults_funnel, v_alt_pattern_2,
          v_pattern_2, vaults_room_fours, vaults_room_corners,
          ontoclasm_vaults_chip, nicolae_vaults_trapezoid_3,
          vaults_room_semicircle, ontoclasm_vaults_loading_screen,
          layout_vaults_quadrants, serial_shops, nicolae_shop_mannequins
Vaults:2: nicolae_vaults_wine_cellar, v_misc_1, ontoclasm_vaults_tryst,
          v_misc_30, vaults_room_boxed, nicolae_vaults_offset_grid_hallway_2,
          v_rooms_2, nicolae_vaults_house_2, nicolae_vaults_three_branches,
          v_misc_17, ontoclasm_vaults_pinch, nicolae_vaults_trapezoid_4,
          layout_vaults_omnibox, dummy_crypt_entry
Vaults:3: nicolae_vaults_triangles, st_eye, v_pattern_3,
          nicolae_vaults_closet_pinwheel_6, v_misc_30,
          nicolae_vaults_weapon_check, nicolae_vaults_tetromino_Z_1,
          nicolae_vaults_sightless_eye, vaults_dpeg_emergency_exit,
          vaults_room_pool, layout_vaults_ring, serial_shops,
          nicolae_shop_crystal
Vaults:4: hangedman_vaults_river_flow, nicolae_vaults_security_offices_3,
          nicolae_vaults_tangram_1, nicolae_vaults_sesquioval_fish,
          nicolae_vaults_arrows, ontoclasm_vaults_eye, vaults_mumra_hexcomb,
          v_misc_3, hangedman_vaults_impose, vaults_room_hallway,
          ontoclasm_vaults_twist, hangedman_vaults_stretched_pinwheel,
          layout_vaults_maze, serial_shops, nicolae_shop_bloodbath_and_beyond
Vaults:5: uniq_boris, uniq_mennas
Depths:1: layout_small_grid, grunt_hell_entry_dis_old,
          statue_in_the_mist_lemuel, lemuel_angel_altar, firewood_loft,
          minmay_shoptagon
Depths:2: minmay_haunted_quarter, layout_twisted_cross, hell_entry,
          nicolae_elyvilon_temple_path, rand_demon_pan_entry_8,
          water_maze_lemuel, infiniplex_staircase_pool_1
Depths:3: minmay_expanding_squares, layout_cave_shapes, enter_ziggurat_c,
          serial_shops, bzr_entry_customers, amcnicky_mini_pool_small,
          abyss_entry, hell_entry, minmay_staircase_bubble
Depths:4: evilmike_zot_entry_diamond, layout_cave_pools, grunt_pan_entry_spiral,
          pf_hell_entry_tar_spiral
Zot:1:    layout_concentric_octagons
Zot:2:    layout_cathedral_of_symmetry, hellmonk_greenhouse_of_terror
Zot:3:    layout_misc_corridors
Zot:4:    dreamdust_zin_vs_xom, layout_gridville
Zot:5:    layout_twisted_circle

Skill      XL: |  1  2  3  4  5  6  7  8  9 10 11 12 13 14 15 16 17 18 19 20 21 22 23 24 25 26 27 |
---------------+----------------------------------------------------------------------------------+-----
Invocations    | 1 2 3 4 5 6 7 8 9 10 11 12 13 14 15 16 17 18 19 | 19.6
Short Blades   | 1 2 3 4 5 6 7 9 10 11 12 13 14 15 16 17 18 | 18.1
Long Blades    | 1 2 3 4 5 6 7 9 10 11 12 13 14 15 16 17 18 | 18.1
Axes           | 1 2 3 4 5 6 7 9 10 11 12 13 14 15 16 17 18 | 18.1
Maces & Flails | 1 2 3 4 5 6 7 9 10 11 12 13 14 15 16 17 18 | 18.1
Polearms       | 1 2 3 4 5 6 7 9 10 11 12 13 14 15 16 17 18 | 18.1
Staves         | 1 2 3 4 5 6 7 9 10 11 12 13 14 15 16 17 18 | 18.1
Ranged Weapons | 1 2 3 4 5 6 7 9 10 11 12 13 14 15 16 17 18 | 18.1
Throwing       | 1 2 3 4 5 6 7 9 10 11 12 13 14 15 16 17 18 | 18.1
Armour         | 1 2 3 4 5 6 7 9 10 11 12 13 14 15 16 17 18 | 18.1
Stealth        | 1 2 3 4 5 6 7 9 10 11 12 13 14 15 16 17 18 | 18.1
Shields        | 1 2 3 4 5 6 7 9 10 11 12 13 14 15 16 17 18 | 18.1
Spellcasting   | 1 2 3 4 5 6 7 9 10 11 12 13 14 15 16 17 18 | 18.1
Evocations     | 1 2 3 4 5 6 7 9 10 11 12 13 14 15 16 17 18 | 18.1
Conjurations   | 1 2 3 4 5 6 7 8 9 10 11 12 13 14 15 | 15.5
Hexes          | 1 2 3 4 5 6 7 8 9 10 11 12 13 14 15 | 15.5
Summonings     | 1 2 3 4 5 6 7 8 9 10 11 12 13 14 15 | 15.5
Necromancy     | 1 2 3 4 5 6 7 8 9 10 11 12 13 14 15 | 15.5
Translocations | 1 2 3 4 5 6 7 8 9 10 11 12 13 14 15 | 15.5
Transmutations | 1 2 3 4 5 6 7 8 9 10 11 12 13 14 15 | 15.5
Fire Magic     | 1 2 3 4 5 6 7 8 9 10 11 12 13 14 15 | 15.5
Ice Magic      | 1 2 3 4 5 6 7 8 9 10 11 12 13 14 15 | 15.5
Air Magic      | 1 2 3 4 5 6 7 8 9 10 11 12 13 14 15 | 15.5
Earth Magic    | 1 2 3 4 5 6 7 8 9 10 11 12 13 14 15 | 15.5
Poison Magic   | 1 2 3 4 5 6 7 8 9 10 11 12 13 14 15 | 15.5
Fighting       | 3 4 5 6 7 8 9 10 11 12 13 14 15 16 17 18 19 21 | 21.3
Dodging        | 5 6 7 8 9 10 11 12 13 14 15 16 17 18 | 18.6
Unarmed Combat | 7 8 9 10 11 12 13 14 15 16 17 18 19 20 21 | 21.2
Shapeshifting  | 7 8 9 10 11 12 13 14 15 16 | 16.6

Action                     |  1- 3 |  4- 6 |  7- 9 | 10-12 | 13-15 | 16-18 | 19-21 | 22-24 | 25-27 || total
---------------------------+-------+-------+-------+-------+-------+-------+-------+-------+-------++-------
  Melee: Unarmed           |    72 |    96 |   128 |    13 |       |       |       |       |       ||   309
         Bite              |     2 |    13 |    18 |       |       |     3 |     4 |     2 |    35 ||    77
         Punch             |     1 |     3 |     8 |       |       |       |       |       |       ||    12
         Staff             |       |       |       |       |       |    13 |    17 |    25 |   161 ||   216
   Fire: Sling             |       |    34 |       |       |       |       |       |       |       ||    34
         Longbow           |       |       |    85 |   377 |   827 |   186 |       |       |       ||  1475
  Throw: Boomerang         |       |    28 |    20 |       |       |       |    34 |     4 |       ||    86
         Dart              |       |       |       |     2 |     2 |       |       |       |       ||     4
         Throwing net      |       |       |       |       |       |       |       |       |     1 ||     1
   Cast: Frozen Ramparts   |       |       |       |    31 |    23 |       |       |       |       ||    54
         Blink             |       |       |       |     1 |       |       |       |     2 |       ||     3
         Ozocubu's Armour  |       |       |       |    14 |    26 |       |       |       |       ||    40
         Vampiric Draining |       |       |       |     4 |       |     7 |       |       |       ||    11
         Arcjolt           |       |       |       |       |    28 |   166 |   141 |   213 |    42 ||   590
         Irradiate         |       |       |       |       |     1 |    32 |    14 |     9 |    15 ||    71
         Plasma Beam       |       |       |       |       |       |   352 |   343 |   218 |    98 ||  1011
         Leda's Unmaking   |       |       |       |       |       |     1 |    67 |    69 |   188 ||   325
         Passwall          |       |       |       |       |       |       |       |     4 |       ||     4
         Spellforged Servi |       |       |       |       |       |       |       |       |    60 ||    60
         Maxwell's Capacit |       |       |       |       |       |       |       |       |    23 ||    23
 Invoke: Slouch            |       |       |       |     2 |     4 |       |       |       |       ||     6
         Bend Time         |       |       |       |       |       |       |       |       |     2 ||     2
Ability: Begin Untransform |       |       |       |     2 |     1 |       |       |       |       ||     3
  Evoke: Wand              |       |     2 |       |     1 |     4 |     7 |     3 |     5 |     3 ||    25
         Lightning rod     |       |       |       |     3 |     1 |     5 |     2 |     7 |     4 ||    22
         Phial of floods   |       |       |       |       |       |       |     1 |       |     1 ||     2
         Tin of tremorston |       |       |       |       |       |       |       |     4 |       ||     4
         Box of beasts     |       |       |       |       |       |       |       |       |     2 ||     2
         Phantom mirror    |       |       |       |       |       |       |       |       |     1 ||     1
    Use: Scroll            |     2 |     4 |     8 |     7 |    11 |    10 |     3 |     3 |    18 ||    66
         Potion            |     1 |       |       |     3 |     1 |       |     1 |       |     4 ||    10
   Stab: Sleeping          |     1 |     1 |     1 |       |       |       |       |       |       ||     3
         Distracted        |       |       |       |       |       |       |       |       |     6 ||     6
 Armour: Animal skin       |     6 |    28 |    29 |    13 |       |       |       |       |       ||    76
         Skin              |       |       |     1 |    19 |       |       |       |       |       ||    20
         Leather armour    |       |       |    12 |       |       |       |       |       |       ||    12
         Troll leather arm |       |       |       |     9 |       |       |       |       |       ||     9
         Ring mail         |       |       |       |    34 |   126 |   212 |    68 |    71 |     6 ||   517
         Swamp dragon scal |       |       |       |       |       |       |       |       |    71 ||    71
  Dodge: Dodged            |    31 |    88 |   110 |   277 |   581 |   482 |   204 |   255 |   258 ||  2286
  Block: Buckler           |       |       |       |       |       |   131 |       |       |       ||   131
         Kite shield       |       |       |       |       |       |    14 |   342 |   389 |   344 ||  1089
   Form: Beast             |       |       |     1 |     2 |       |       |       |       |       ||     3
         Maw               |       |       |     1 |       |       |       |       |       |       ||     1

Table legend: (Time is in decaauts)
 A = Elapsed time spent in this place.
 B = Non-inter-level travel time spent in this place.
 C = Inter-level travel time spent in this place.
 D = Time resting spent in this place.
 E = Time spent auto-exploring this place.
 F = Levels seen in this place.
 G = Mean time per level.
                   A        B        C        D        E       F      G
               +--------+--------+--------+--------+--------+-----+--------+
         Total | 101680 |  91072 |  10608 |  19881 |  56382 |  51 | 1993.7 |
       Dungeon |  28847 |  23133 |   5714 |   3810 |  15792 |  15 | 1923.1 |
        Temple |     46 |     22 |     24 |      0 |      0 |   1 |   46.0 |
          Lair |  12842 |  11642 |   1200 |   2303 |   7589 |   5 | 2568.4 |
         Swamp |   8224 |   7765 |    459 |   3100 |   3860 |   4 | 2056.0 |
     Snake Pit |   9483 |   9009 |    474 |   2071 |   5653 |   4 | 2370.8 |
  Orcish Mines |   2741 |   2440 |    301 |    417 |   1679 |   2 | 1370.5 |
   Elven Halls |   7599 |   7074 |    525 |   1763 |   4203 |   3 | 2533.0 |
        Vaults |  14565 |  13581 |    984 |   1204 |   9700 |   5 | 2913.0 |
        Depths |  10361 |   9645 |    716 |   1804 |   6222 |   4 | 2590.2 |
           Zot |   4243 |   4036 |    207 |   2730 |    518 |   5 |  848.6 |
        Bazaar |    238 |    238 |      0 |      0 |    145 |   1 |  238.0 |
      Ice Cave |   1654 |   1654 |      0 |    570 |    789 |   1 | 1654.0 |
      Gauntlet |    831 |    831 |      0 |    107 |    231 |   1 |  831.0 |
               +--------+--------+--------+--------+--------+-----+--------+

Top non-repeatable levels by time:
   Elf:3: 3783 daAuts
  Lair:5: 3511 daAuts
Vaults:5: 3391 daAuts
Depths:3: 3378 daAuts
 Swamp:3: 3241 daAuts
Vaults:4: 3079 daAuts
  Lair:3: 3033 daAuts
Vaults:1: 3031 daAuts
    D:15: 2981 daAuts
Depths:2: 2874 daAuts
 Snake:2: 2773 daAuts
   Zot:5: 2685 daAuts
  Lair:2: 2631 daAuts
Vaults:3: 2614 daAuts
 Snake:4: 2586 daAuts
